 Dungeon Crawl Stone Soup version 0.32-a0-377-g951292165a (webtiles) character file.

Game seed: 11441952060660643890

1550011 EnegeticOcto the Coglin Blade (level 26, 196/196 HPs)
             Began as a Coglin Chaos Knight on Feb 19, 2024.
             Was a Favourite Plaything of Xom.
             Escaped with the Orb
             ... and 3 runes!
             The game lasted 02:01:22 (75441 turns).

EnegeticOcto the Coglin Blade (CoCK)               Turns: 75441, Time: 02:01:23

Health: 196/196    AC: 42    Str: 23    XL:     26   Next: 10%
Magic:  47/47      EV: 32    Int: 17    God:    Xom [....*.]
Gold:   1477       SH:  4    Dex: 35    Spells: 26/46 levels left

rFire   + + .        c - +1 double sword of Doom {drain, Will++}
rCold   . . .        d - +12 scimitar of the Gibberer {protect, rPois Int+5}
rNeg    + + .        R - +9 pearl dragon scales
rPois   +            N - +3 hat of Pondering {ponderous, Will+ MP+10 Int+5}
rElec   +            P - +4 dragonskin cloak
rCorr   .            W - +0 pair of gloves "Giott" {Dex+5}
SInv    .            L - +1 pair of boots of the Moneychanger {rF+ Regen+}
Will    +++++        f - macabre finger necklace {Finger+ rN+}
Stlth   +            X - ring "Muihu" {Ice Str+3 Dex+5 Slay+3}
HPRegen 1.32/turn    V - ring "Ulleadgh" {rF+ Int-4 Dex+6}
MPRegen 0.30/turn    u - ring of Ydazuirch {Fire rElec Will++}

%: no passive effects
@: studying Maces & Flails, slow
A: off-hand wielding, slow wielding, warmup strikes, warmup strides, iridescent
scales 1, large bone plates 1, camouflage 1, clumsy 1, frail 1, screaming 1,
strong 1, evolution 1, persistent drain
0: Orb of Zot
}: 3/15 runes: serpentine, barnacled, silver
a: Renounce Religion


You escaped.
You worshipped Xom.
You were a beloved toy of Xom.
You visited 10 branches of the dungeon, and saw 48 of its levels.
You also visited: Bailey, Gauntlet, Volcano and Wizlab.

You collected 7639 gold pieces.
You spent 6162 gold pieces at shops.

Inventory:

Hand Weapons
 c - the +1 double sword of Doom (weapon) {drain, Will++}
   (You acquired it on level 2 of the Orcish Mines)

   Will++:    It greatly increases your willpower.
 d - the +12 scimitar of the Gibberer (worn) {protect, rPois Int+5}
   (You found it on level 5 of the Vaults)

   Int+5:     It affects your intelligence (+5).
   rPois:     It protects you from poison
Missiles
 B - 7 throwing nets {!f}
 Q - 20 curare-tipped darts (quivered)
Armour
 K - the -2 hat of the Alchemist {rElec rPois rF+ rC+ rN+ Will+ rMut rCorr}
   (You found it on level 5 of the Vaults)

   rF+:       It protects you from fire.
   rC+:       It protects you from cold.
   rElec:     It insulates you from electricity.
   rPois:     It protects you from poison rN+: It protects you from negative
   energy.
   Will+:     It increases your willpower.
   rCorr:     It protects you from acid and corrosion.
   rMut:      It protects you from mutation.
 L - the +1 pair of boots of the Moneychanger (worn) {rF+ Regen+}
   (You found it on level 2 of the Elven Halls)

   rF+:       It protects you from fire.
   Regen+:    It increases your rate of health regeneration.
 N - the +3 hat of Pondering (worn) {ponderous, Will+ MP+10 Int+5}
   (You took it off Gastronok on level 1 of the Lair of Beasts)

   Int+5:     It affects your intelligence (+5).
   Will+:     It increases your willpower.
   MP+10:     It affects your magic capacity (+10).
 P - the +4 dragonskin cloak (worn)
   (You took it off Tiamat on level 4 of the Realm of Zot)

   Avatar's Aegis: It grants the wearer a chance to resist fire, cold, poison,
   electricity, acid, and negative energy.
 R - +9 pearl dragon scales (worn)
   (You bought it in a shop on level 1 of the Orcish Mines)
 W - the +0 pair of gloves "Giott" (worn) {Dex+5}
   (You found it in a Gauntlet)

   Dex+5:     It affects your dexterity (+5).
Jewellery
 f - the macabre finger necklace (around neck) {Finger+ rN+}
   (You bought it in a shop on level 4 of the Depths)

   [amulet of nothing]

   Finger+:   It enables you to equip an extra ring.
   rN+:       It protects you from negative energy.
 u - the ring of Ydazuirch (on amulet) {Fire rElec Will++}
   (You found it in a wizard's laboratory)

   [ring of fire]

   Fire:      It enhances your fire magic.
   rF+:       It protects you from fire.
   rC-:       It makes you vulnerable to cold.
   rElec:     It insulates you from electricity.
   Will++:    It greatly increases your willpower.
 V - the ring "Ulleadgh" (right grasper) {rF+ Int-4 Dex+6}
   (You acquired it in a Gauntlet)

   [ring of protection from fire]

   Int-4:     It affects your intelligence (-4).
   Dex+6:     It affects your dexterity (+6).
   rF+:       It protects you from fire.
 X - the ring "Muihu" (left grasper) {Ice Str+3 Dex+5 Slay+3}
   (You found it in a wizard's laboratory)

   [ring of ice]

   Ice:       It enhances your ice magic.
   Str+3:     It affects your strength (+3).
   Dex+5:     It affects your dexterity (+5).
   Slay+3:    It affects your accuracy & damage with ranged weapons and melee
   (+3).
   rF-:       It makes you vulnerable to fire.
   rC+:       It protects you from cold.
Wands
 j - a wand of mindburst (33)
   (You found it on level 4 of the Snake Pit)
 m - a wand of iceblast (31) {@v2}
   (You took it off a merfolk siren on level 4 of the Shoals)
 n - a wand of polymorph (9)
   (You found it on level 3 of the Elven Halls)
 H - a wand of paralysis (47)
   (You found it on level 8 of the Dungeon)
 I - a wand of flame (91) {@v4}
   (You found it on level 8 of the Dungeon)
 J - a wand of acid (27) {@v1}
   (You took it off Ijyb on level 4 of the Dungeon)
 Y - a wand of digging (9) {@v3}
   (You found it on level 2 of the Snake Pit)
Scrolls
 e - 9 scrolls of teleportation {@r3 !r}
 h - 9 scrolls of immolation
 i - 6 scrolls of silence {!r}
 k - 10 scrolls of enchant weapon
 l - 2 scrolls of blinking {@r4}
 o - 3 scrolls of torment
 q - 3 scrolls of fog {!r}
 r - 7 scrolls of brand weapon
 y - 11 scrolls of vulnerability
 D - 7 scrolls of fear {!r}
 G - 3 scrolls of summoning {!r}
 O - 3 scrolls of revelation {@r5 !r}
 U - 5 scrolls of poison {!r}
Potions
 a - 16 potions of attraction
 b - 6 potions of brilliance
 g - 6 potions of mutation
 p - 11 potions of might {@q3 !q}
 s - 4 potions of invisibility
 t - 7 potions of magic
 v - 20 potions of curing {@q1 !q}
 w - 8 potions of lignification {@q6}
 x - 4 potions of ambrosia
 A - 6 potions of berserk rage
 C - 4 potions of enlightenment
 E - 21 potions of heal wounds {@q2 !q}
 M - 6 potions of cancellation
 T - 8 potions of haste {@q4 !q}
Miscellaneous
 z - a phantom mirror
   (You found it on level 3 of the Shoals)
 F - a sack of spiders (inert)
   (Xom gifted it to you on level 2 of the Realm of Zot)
 Z - a box of beasts
   (You found it in a Gauntlet)


   Skills:
 - Level 20.0 Fighting
 - Level 21.0 Long Blades
 * Level 17.6 Armour
 * Level 19.6 Dodging
 - Level 2.0 Stealth
 + Level 10.8 Spellcasting
 + Level 15.5 Translocations
 - Level 4.0 Air Magic
 + Level 17.4 Evocations


You had 26 spell levels left.
You knew the following spells:

 Your Spells              Type           Power      Damage    Failure   Level
a - Vhi's Electric Charg  Tloc/Air       84%        N/A       3%          4
b - Manifold Assault      Tloc           58%        N/A       1%          4
c - Passage of Golubria   Tloc           58%        N/A       1%          4
d - Dispersal             Tloc           29%        N/A       4%          6
Y - Blink                 Tloc           100%       N/A       1%          2

Your spell library contained the following spells:

 Spells                   Type           Power      Damage    Failure   Level
 Apportation              Tloc           100%       N/A       1%          1
 Lesser Beckoning         Tloc           100%       N/A       1%          2
 Gell's Gravitas          Tloc           58%        N/A       1%          3
 Teleport Other           Tloc           58%        N/A       1%          3
 Volatile Blastmotes      Fire/Tloc      100%       2d18      1%          3
 Shock                    Conj/Air       60%        1d6       7%          1
 Swiftness                Air            22%        N/A       10%         3
 Mercury Vapours          Alch/Air       30%        N/A       11%         2
 Cigotuvi's Dreadful Rot  Necr/Alch/Air  26%        N/A       14%         2
 Foxfire                  Conj/Fire      52%        2x1d6     16%         1
 Necrotise                Necr           36%        1d5       16%         1
 Sting                    Conj/Alch      36%        1d5       16%         1
 Summon Small Mammal      Summ           36%        N/A       16%         1
 Sublimation of Blood     Necr           9%         N/A       24%         2
 Mephitic Cloud           Conj/Alch/Air  13%        N/A       28%         3
 Airstrike                Air            11%        2d(2-18)  30%         4
 Dazzling Flash           Conj/Hex       18%        N/A       43%         3
 Frozen Ramparts          Ice            26%        1d4       43%         3
 Hailstorm                Conj/Ice       13%        3d6       43%         3
 Inner Flame              Hex/Fire       13%        N/A       43%         3
 Stone Arrow              Conj/Erth      18%        3d8       43%         3
 Summon Ice Beast         Ice/Summ       13%        N/A       43%         3
 Tukima's Dance           Hex            9%         N/A       43%         3
 Vampiric Draining        Necr           9%         2d6       43%         3
 Summon Lightning Spire   Summ/Air       15%        N/A       56%         4
 Anguish                  Hex/Necr       4%         N/A       85%         4
 Animate Armour           Summ/Erth      18%        N/A       85%         4
 Animate Dead             Necr           9%         N/A       85%         4
 Cause Fear               Hex            4%         N/A       85%         4
 Dispel Undead            Necr           9%         3d8       85%         4
 Flame Wave               Conj/Fire      13%        2d6       85%         4
 Ignite Poison            Fire/Alch      13%        N/A       85%         4
 Leda's Liquefaction      Alch/Erth      4%         N/A       85%         4
 Martyr's Knell           Necr/Summ      9%         N/A       85%         4
 Olgreb's Toxic Radiance  Alch           9%         N/A       85%         4
 Petrify                  Alch/Erth      9%         N/A       85%         4
 Sticky Flame             Fire/Alch      13%        2d5       85%         4
 Summon Blazeheart Golem  Fire/Summ      13%        N/A       85%         4
 Disjunction              Tloc           29%        N/A       87%         8
 Arcjolt                  Conj/Air       7%         1d17      89%         5
 Silence                  Hex/Air        7%         N/A       89%         5
 Freezing Cloud           Conj/Ice/Air   10%        6-21      95%         5
 Borgnjor's Vile Clutch   Necr/Erth      4%         N/A       99%         5
 Curse of Agony           Necr           9%         N/A       99%         5
 Fireball                 Conj/Fire      6%         3d5       99%         5
 Irradiate                Conj/Alch      4%         3d13      99%         5
 Lee's Rapid Deconstruct  Erth           4%         3d5*      99%         5
 Metabolic Englaciation   Hex/Ice        6%         N/A       99%         5
 Summon Mana Viper        Hex/Summ       9%         N/A       99%         5
 Yara's Violent Unravell  Hex/Alch       4%         3d4       99%         5
 Bombard                  Conj/Erth      4%         9d2       100%        6
 Death Channel            Necr           4%         N/A       100%        6
 Plasma Beam              Fire/Air       11%        2x1d22    100%        6
 Sculpt Simulacrum        Ice/Alch       6%         N/A       100%        6
 Starburst                Conj/Fire      6%         6d4       100%        6
 Enfeeble                 Hex            4%         N/A       100%        7
 Haunt                    Necr/Summ      4%         N/A       100%        7
 Monstrous Menagerie      Summ           4%         N/A       100%        7
 Orb of Destruction       Conj           4%         9d5       100%        7
 Ozocubu's Refrigeration  Ice            6%         4d8       100%        7
 Spellforged Servitor     Conj/Summ      4%         N/A       100%        7
 Borgnjor's Revivificati  Necr           4%         N/A       100%        8
 Ignition                 Fire           6%         3d4       100%        8
 Lehudib's Crystal Spear  Conj/Erth      4%         10d3      100%        8
 Maxwell's Capacitive Co  Air            11%        ∞         100%        8
 Death's Door             Necr           4%         N/A       100%        9


Dungeon Overview and Level Annotations

Branches:
Dungeon (15/15)            Temple (0/1) D:4            Lair (5/5) D:9
 Shoals (4/4) Lair:3        Snake (4/4) Lair:2        Slime (0/5) Lair:4
    Orc (2/2) D:9             Elf (3/3) Orc:2        Vaults (5/5) D:14
  Crypt (0/3) Vaults:2     Depths (4/4) D:15           Hell (visited)
    Zot (5/5) Depths:4     Bailey (visited)         Volcano (visited)
 WizLab (visited)         Gauntlet (visited)
    Dis: Hell:1         Geh: Hell:1         Coc: Hell:1         Tar: Hell:1

Altars:
Ashenzari
Cheibriados
Elyvilon
Fedhas
Hepliaklqana
Kikubaaqudgha
Nemelex Xobeh
Okawaru
Ru
Uskayaw
Vehumet
Xom
The Shining One
Beogh

Shops:
D:1 :   Orc:1 [(*   Orc:2 *:?::   Elf:2 (   Shoals:3 (   Snake:1 [
Vaults:1 ?[[   Vaults:2 [   Vaults:3 ?   Depths:4 =:=

Portals:
Hell: Depths:1 Depths:2 Depths:3 Depths:4
Abyss: Depths:2 Depths:3
Pandemonium: Depths:2 Depths:3
Ziggurat: Depths:2

Annotations:
D:5 Grinder
D:8 1 runed translucent door, exclusion: door, mn3067's ghost, novice TrFi
D:10 exclusion: two-headed ogre
Lair:2 exclusion: hydra
Lair:3 exclusion: hydra
Lair:4 exclusion: hydra
Orc:1 1 transporter, Zuxkoip's ghost, journeyman MiFi
Hell Geryon
Zot:5 1 exclusion


Innate Abilities, Weirdness & Mutations

You can wield a second weapon in your off-hand.
It takes a long time for you to wield or remove held weapons.
Your first few attacks do less damage.
Your first movements take longer.
You are partially covered in iridescent scales. (AC +2)
You are partially covered in large bone plates. (SH +4)
Your skin changes colour to match your surroundings (Stealth+).
You are clumsy. (Dex -2)
You are frail. (-10% HP)
You occasionally shout uncontrollably at your foes.
Your muscles are strong. (Str +4, Int/Dex -1)
You have hidden genetic potential.
Your health recovers twice as slowly from being drained.


Message History

You catch the helpless Ice Fiend completely off-guard!
You hit the Ice Fiend with the +1 double sword of Doom.
The Ice Fiend is almost dead.
You completely miss the Ice Fiend with the +12 scimitar of the Gibberer.
The Ice Fiend completely misses you. x2
You catch the helpless Ice Fiend completely off-guard!
You slice the Ice Fiend with the +12 scimitar of the Gibberer!!
You kill the Ice Fiend!
(D) Dungeon (T) Temple (L) Lair (A) Shoals (P) Snake Pit (M) Slime Pits (O) Orcish Mines (E) Elven Halls (V) Vaults (C) Crypt (U) Depths (H) Hell (Z) Zot
Where to? (Tab/Enter - D:1 @ (x,y), ? - help)
There is a stone staircase leading up here.
You climb upwards.
There is a stone staircase leading down here.
A neqoxec comes into view.
Oneguc comes into view.
The neqoxec moves out of view.
Unknown command.
Unknown command.
Press: ? - help, v - describe, . - travel
Here: Oneguc An open door.
Aiming: Iceblast
Press: ? - help, Shift-Dir - straight line, f - Oneguc
Aim: Oneguc The mass of ice explodes!
The iceblast engulfs Oneguc!!
Oneguc partially resists.
Oneguc is lightly wounded.
Aiming: Iceblast
Press: ? - help, Shift-Dir - straight line, f/p - Oneguc
Aim: Oneguc (lightly wounded)
The mass of ice explodes!
The iceblast engulfs Oneguc!!
Oneguc partially resists.
Oneguc is moderately wounded.
You completely miss Oneguc with the +1 double sword of Doom.
Oneguc is moderately wounded.
You miss Oneguc with the +12 scimitar of the Gibberer.
Oneguc completely misses you.
You completely miss Oneguc with the +12 scimitar of the Gibberer.
Oneguc is moderately wounded.
You hit Oneguc with the +1 double sword of Doom.
Oneguc gestures.
You carve Oneguc like a ham with the +12 scimitar of the Gibberer!!!
Your weapon exudes an aura of protection.
Oneguc is heavily wounded.
You slice Oneguc with the +1 double sword of Doom!!
Oneguc hits you but does no damage.
You barely miss Oneguc with the +1 double sword of Doom.
Oneguc is severely wounded.
You miss Oneguc with the +12 scimitar of the Gibberer.
Oneguc misses you.
You slice Oneguc with the +12 scimitar of the Gibberer!!
Oneguc is severely wounded.
You chop Oneguc into pieces with the +1 double sword of Doom!!!
You kill Oneguc!
The orange demon disappears in a puff of smoke!
You closely miss the neqoxec with the +1 double sword of Doom.
You slice the neqoxec with the +12 scimitar of the Gibberer!!
The neqoxec gestures at you. Something gnaws on your mind!
You feel your power leaking away.
You hit the neqoxec with the +1 double sword of Doom.
The neqoxec is severely wounded.
You closely miss the neqoxec with the +12 scimitar of the Gibberer.
The neqoxec misses you.
You slash the neqoxec with the +12 scimitar of the Gibberer!
You kill the neqoxec!
(D) Dungeon (T) Temple (L) Lair (A) Shoals (P) Snake Pit (M) Slime Pits (O) Orcish Mines (E) Elven Halls (V) Vaults (C) Crypt (U) Depths (H) Hell (Z) Zot
Where to? (Tab/Enter - D:1 @ (x,y), ? - help) HP restored.
Magic restored.
There is a stone staircase leading up here.
You climb upwards.
Level annotation: Grinder
There is a stone staircase leading down here.
There is a stone staircase leading up here.
You climb upwards.
There is a stone staircase leading down here.
There is a stone staircase leading up here.
You climb upwards.
There is a stone staircase leading down here.
There is a stone staircase leading up here.
You climb upwards.
There is a stone staircase leading down here.
There is a stone staircase leading up here.
You climb upwards.
There is a stone staircase leading down here.
You see here a jackal skeleton.
You see here a jackal skeleton.
You enter the shallow water.
Moving in this stuff is going to be slow.
There is a staircase leading out of the dungeon here.
Unknown command.
Unknown command.
Unknown command.
You have escaped!

......######.~~~~.###.#.#.~# #
###...#.........~...#.#.#.~# #
......#########.~~~.#.#.#.~# #
.÷.[..#...........~...#.#.~# #
..÷...#.###.~~~~~.~~~.#...~######
#####÷..#...~...~...~.#.~~~......
#÷###.~~~.~.~~~.~.#.~.##.####
#.#...~...~.....~...~.##.#
#.#.~~~.~~~.@.~~~.~~~.##.#
#.#.~...~.....~...~...##)#
#.#.~.#.~.~~~.~.~~~.####.#
#.~~~.#.~...~...~...#....#
#####.~...#.~~~.~~~~~.###.####
......~)#.#...~...........#
######~.#.#.#.~~~.#########
#~.#.#.#...~.........#
#~.#.#.###.~~~~.######


There were no monsters in sight!

Vanquished Creatures
  Tiamat (Zot:4)
  3 ancient liches (Vaults:5)
  Sojobo (Vaults:5)
  Xtahua (Depths:3)
  Saint Roka (Snake:4)
  Bai Suzhen (Vaults:2)
  2 caustic shrikes (Depths:4)
  2 curse toes
  Margery (Vaults:5)
  Nikola (Elf:1)
  5 golden dragons
  A bone dragon (Depths:4)
  2 electric golems
  The ghost of Ajyf the Eclecticist, an adept DgEE (Elf:2)
  The ghost of Ironuh the Dwarven Catastrophe, an adept MDMo of Qazlal (Elf:2)
  An Ice Fiend (D:7)
  3 Orb Guardians (Zot:4)
  9 tentacled monstrosities
  2 deep elf master archers (Elf:3)
  2 liches (Depths:2)
  4 titans
  3 deep elf blademasters
  4 quicksilver dragons
  A searing wretch (Vaults:5)
  5 sphinxes
  3 krakens (Shoals:3)
  Gastronok (Lair:1)
  3 death cobs
  An Executioner (Depths:2)
  Kirke (Shoals:1)
  A pandemonium lord (D:6)
  12 storm dragons
  8 shadow dragons
  Donald (Snake:1)
  9 nagarajas
  A shadow dragon (shapeshifter) (Vaults:5)
  7 tengu reavers
  2 draconian knights
  Roxanne (Shoals:1)
  7 fire giants
  An iron dragon (Depths:2)
  2 draconian shifters (Zot:4)
  6 draconian monks
  7 deep elf sorcerers
  A ghost moth (shapeshifter) (Lair:5)
  5 balrugs
  3 draconian scorchers
  17 vault wardens
  8 frost giants
  2 orc warlords
  2 deep elf elementalists (Elf:3)
  A ghoul (Vaults:2)
  4 formless jellyfish
  26 ironbound preservers
  18 very ugly things
  10 ironbound thunderhulks
  A demonspawn blood saint (Depths:4)
  3 draconian annihilators
  The ghost of YordlordTheGreat the Basher, a journeyman HuCA of Elyvilon (Lair:5)
  5 spriggan defenders (Depths:2)
  14 stone giants
  8 deep elf demonologists
  5 vampire knights
  4 green draconians
  A minotaur (Gauntlet)
  Nessos (D:15)
  A lorocyproca (Depths:2)
  4 red draconians
  5 deep elf death magi
  5 black draconians
  10 purple draconians
  7 deep elf annihilators
  6 white draconians
  4 spark wasps (Depths:3)
  7 dire elephants
  7 war gargoyles
  7 yellow draconians
  7 crystal guardians
  A green death (Depths:3)
  A spark wasp (shapeshifter) (Vaults:5)
  15 ettins
  8 merfolk impalers
  11 merfolk javelineers
  2 jiangshi (Vaults:2)
  15 yaktaur captains
  6 fire dragons
  4 rakshasas
  31 vault guards
  An entropy weaver (Vaults:1)
  7 great orbs of eyes
  6 deep elf high priests
  5 ice dragons
  4 spriggan air magi
  11 peacekeepers
  2 salamander tyrants (WizLab)
  4 merfolk avatars
  3 ogre magi
  8 ironbound frosthearts
  Erolcha (Orc:2)
  6 hydras
  An alligator (Lair:5)
  3 satyrs
  An alligator snapping turtle (Shoals:3)
  9 two-headed ogres
  3 anacondas
  12 centaur warriors
  4 catoblepae
  22 dancing weapons
  9 merfolk aquamancers
  A death knight (D:14)
  6 boulder beetles
  4 tengu warriors
  13 naga warriors
  7 death yaks (Lair:5)
  2 demonic crawlers
  3 deep troll earth magi
  11 naga sharpshooters
  5 deep troll shamans
  6 spriggan berserkers
  6 deep elf knights (Elf:2)
  3 occultists
  9 hell knights
  Sonja (Lair:2)
  4 skeletal warriors (D:13)
  A sixfirhy (Depths:2)
  15 spriggans
  5 shock serpents
  7 iron trolls
  5 sun demons
  2 salamander mystics
  73 deep trolls
  2 skysharks
  A glowing orange brain (shapeshifter) (Vaults:5)
  6 mana vipers
  11 sea snakes
  3 spriggan druids (Depths:2)
  4 glowing orange brains
  5 naga ritualists
  A shadow demon (D:8)
  An orb spider (shapeshifter) (Vaults:5)
  2 flayed ghosts (Depths:2)
  7 deep elf archers
  A steelbarb worm (Lair:5)
  3 arcanists
  11 harpies
  9 lindwurms
  7 large abominations
  36 ugly things
  7 orc knights
  2 lightning spires (WizLab)
  7 phantasmal warriors
  2 necromancers (Vaults:4)
  34 deep elf pyromancers
  14 ironbound convokers
  3 orc sorcerers
  22 deep elf zephyrmancers
  16 fauns
  16 manticores
  A shining eye (Gauntlet)
  7 cyclopes
  17 moths of wrath
  An elephant (shapeshifter) (Vaults:5)
  10 salamanders
  4 guardian serpents
  2 rust devils
  17 naga magi
  5 kobold blastminers (Orc:2)
  19 black mambas
  14 vault sentinels
  7 merfolk sirens
  6 molten gargoyles (WizLab)
  A smoke demon (Depths:3)
  15 cane toads
  9 water nymphs
  A water nymph (shapeshifter) (Vaults:5)
  5 gargoyles
  A hellion (D:12)
  An unseen horror (D:13)
  An efreet (D:14)
  A kobold demonologist (D:9)
  11 komodo dragons
  11 rime drakes
  2 freezing wraiths
  39 yaktaurs
  2 tengu conjurers (Depths:2)
  35 merfolk
  8 trolls
  4 polar bears
  A merfolk (shapeshifter) (Depths:1)
  8 wind drakes
  15 hornets
  4 blink frogs
  A glass eye (shapeshifter) (Vaults:5)
  6 snapping turtles
  6 dream sheep
  4 glass eyes
  25 slime creatures
  A human simulacrum (Vaults:4)
  4 air elementals
  3 shadows
  A culicivora (Vaults:1)
  5 wyverns
  Eustachio (D:4)
  10 hogs
  A hog (shapeshifter) (D:13)
  A human (D:8)
  A wraith (D:12)
  A golden eye (Gauntlet)
  54 yaks
  16 fire elementals
  46 water elementals
  4 basilisks
  5 wargs
  A redback (Vaults:1)
  A neqoxec (D:6)
  10 vampire mosquitoes
  A glowing shapeshifter zombie (Vaults:4)
  67 nagas
  2 swamp worms (shapeshifter) (Vaults:5)
  5 water moccasins
  3 hell hounds (Volcano)
  2 acid dragons
  3 sky beasts
  5 laughing skulls
  35 orc warriors
  A black bear (D:5)
  6 wolves (Lair:1)
  8 ogres
  14 centaurs
  A phantom (D:5)
  A human zombie (Vaults:4)
  A weeping skull (Gauntlet)
  2 elf zombies (Elf:1)
  A gnoll sergeant (D:11)
  9 bullfrogs
  4 scorpions
  10 earth elementals
  10 wights
  4 howler monkeys
  3 bombardier beetles
  2 jellies
  4 iron imps (Gauntlet)
  A gnoll bouda (D:8)
  19 orc priests
  5 iguanas
  2 sleepcaps
  Ijyb (D:4)
  25 orc wizards
  15 gnolls
  6 adders
  A shadow imp (D:8)
  2 white imps
  7 ribbon worms
  4 dart slugs
  103 orcs
  10 ball pythons
  6 bats
  7 endoplasms
  4 giant cockroaches
  15 goblins
  7 hobgoblins
  5 jackals
  9 kobolds
  5 quokkas
  A frilled lizard (D:3)
  7 rats
  A spectral orc (D:10)
  6 tentacles (Shoals:3)
1951 creatures vanquished.

Vanquished Creatures (collateral kills)
  2 Orb Guardians (Zot:5)
  A kraken (Shoals:3)
  Snorg (Lair:4)
  A merfolk aquamancer (Shoals:3)
  2 black mambas (Snake:3)
  A cane toad (Lair:4)
  14 yaks
  4 nagas
  A centaur (D:8)
  A tentacle (Shoals:3)
28 creatures vanquished.

Vanquished Creatures (others)
  An eldritch tentacle (Lair:3)
  A fire dragon (D:15)
  A deep elf archer (Elf:1)
  A deep elf pyromancer (Volcano)
  A black mamba (Snake:3)
  An orc warrior (Orc:2)
  A centaur (Orc:2)
  2 orcs (Orc:2)
  29 tentacles (Shoals:3)
38 creatures vanquished.

Grand Total: 2017 creatures vanquished

Notes
Turn   | Place    | Note
-------+----------+-------------------------------------------
     0 | D:1      | EnegeticOcto the Coglin Chaos Knight began the quest for
                  | the Orb.
     0 | D:1      | Reached XP level 1. HP: 18/18 MP: 1/1
     8 | D:1      | XOM: silly message
    34 | D:1      | XOM: silly message
    52 | D:1      | Reached skill level 1 in Stealth
    66 | D:1      | Reached XP level 2. HP: 24/24 MP: 2/2
   206 | D:1      | Reached skill level 2 in Stealth
   230 | D:1      | Reached XP level 3. HP: 29/29 MP: 3/3
   493 | D:1      | Reached skill level 4 in Long Blades
   496 | D:1      | Reached XP level 4. HP: 25/35 MP: 4/4
   589 | D:1      | Found Tudej's Book Emporium.
   863 | D:1      | XOM: silly message
   954 | D:2      | XOM: stealth player
  1071 | D:2      | You fall into a shaft and drop 1 floor!
  1162 | D:2      | XOM: potion effect (haste)
  1333 | D:2      | XOM: noise
  1405 | D:2      | Reached XP level 5. HP: 41/41 MP: 5/5
  1463 | D:2      | XOM: noise
  1475 | D:2      | Found a faded altar of an unknown god.
  1643 | D:3      | Reached skill level 5 in Long Blades
  1839 | D:3      | Found an ancient bone altar of Kikubaaqudgha.
  1925 | D:3      | Reached XP level 6. HP: 46/48 MP: 6/6
  2010 | D:3      | XOM: divination: detect items
  2121 | D:4      | Reached skill level 4 in Fighting
  2125 | D:4      | Noticed Ijyb
  2160 | D:4      | Noticed Eustachio
  2185 | D:4      | XOM: divination: detect items
  2204 | D:4      | Killed Eustachio
  2205 | D:4      | Reached skill level 6 in Long Blades
  2265 | D:4      | Reached XP level 7. HP: 55/55 MP: 7/7
  2366 | D:4      | Found a sparkling altar of Nemelex Xobeh.
  2379 | D:4      | Reached skill level 5 in Fighting
  2447 | D:4      | Found a staircase to the Ecumenical Temple.
  2483 | D:4      | Found a broken altar of Ashenzari.
  2661 | D:4      | XOM: summons friendly shadow imp
  2823 | D:4      | Found a sacrificial altar of Ru.
  2933 | D:5      | Entered Level 5 of the Dungeon
  3122 | D:4      | XOM is BORED!
  3193 | D:5      | Reached skill level 7 in Long Blades
  3260 | D:5      | XOM: fog
  3264 | D:5      | XOM: snakes to sticks
  3281 | D:5      | Reached skill level 6 in Fighting
  3281 | D:5      | Reached XP level 8. HP: 64/64 MP: 8/8
  3334 | D:5      | XOM: noise
  3336 | D:5      | XOM: confusion (+ monsters)
  3449 | D:5      | XOM: potion effect (attraction)
  3458 | D:5      | Reached skill level 1 in Dodging
  3579 | D:5      | Reached skill level 2 in Dodging
  3719 | D:5      | Noticed Grinder
  3723 | D:5      | XOM: 6-stop teleportation journey
  3739 | D:5      | XOM: cleaving
  3744 | D:5      | Grinder changed into Grinder the orange demon
  3744 | D:5      | Noticed Grinder
  3744 | D:5      | XOM: polymorph Grinder -> Grinder the orange demon
  3827 | D:4      | XOM: summons 3 hostile shadow creatures
  4155 | D:6      | XOM: blink monster(s)
  4273 | D:6      | Reached skill level 8 in Long Blades
  4287 | D:6      | XOM: give mutations
  4287 | D:6      | Gained mutation: Your health recovers twice as slowly from
                  | being drained. [Xom's mischief]
  4287 | D:6      | Gained mutation: You are robust. (+10% HP) [Xom's mischief]
  4425 | D:6      | Identified a scroll of acquirement
  4577 | D:6      | Reached skill level 7 in Fighting
  4703 | D:6      | Reached skill level 3 in Dodging
  4951 | D:7      | XOM: 2-stop teleportation journey
  4975 | D:7      | Reached XP level 9. HP: 70/79 MP: 9/9
  5326 | D:7      | XOM is BORED!
  5326 | D:7      | XOM: stat loss: -2 Dex (15/17)
  5337 | D:7      | XOM: summons 2 hostile demons
  5559 | D:7      | a water moccasin changed into a troll
  5559 | D:7      | Noticed a troll
  5559 | D:7      | XOM: polymorph water moccasin -> troll
  5727 | D:7      | XOM: enchant monster (bad)
  5731 | D:7      | XOM: noise
  5736 | D:7      | Reached skill level 4 in Dodging
  5745 | D:7      | XOM: swap monsters
  5862 | D:8      | XOM: 4-stop teleportation journey
  5892 | D:7      | Reached skill level 8 in Fighting
  5922 | D:7      | Killed a troll
  5923 | D:7      | Reached skill level 9 in Long Blades
  6166 | D:6      | XOM: stat loss: -1 Dex (16/17)
  6256 | D:4      | Killed Ijyb
  6326 | D:5      | XOM: god gift: 53 gold pieces
  6601 | D:5      | XOM: give mutations
  6601 | D:5      | Gained mutation: You are partially covered in iridescent
                  | scales. (AC +2) [Xom's grace]
  6601 | D:5      | Gained mutation: You have a pair of small horns on your
                  | head. [Xom's grace]
  6649 | D:5      | XOM: give mutations
  6649 | D:5      | Gained mutation: Your system is resistant to poisons.
                  | (rPois) [Xom's mischief]
  6649 | D:5      | Gained mutation: You have a somewhat thin skeletal
                  | structure. (Dex +2, Stealth+) [Xom's mischief]
  6649 | D:5      | Gained mutation: You are very robust. (+20% HP) [Xom's
                  | mischief]
  6816 | D:5      | XOM: divination: detect creatures
  6989 | D:5      | XOM: give mutations
  6989 | D:5      | Gained mutation: You possess an exceptional clarity of
                  | mind. [Xom's grace]
  6989 | D:5      | Gained mutation: You are mostly covered in iridescent
                  | scales. (AC +4) [Xom's grace]
  6991 | D:5      | XOM: draining
  7238 | D:8      | Found a blossoming altar of Fedhas.
  7242 | D:8      | Found a glowing golden altar of the Shining One.
  7242 | D:8      | Found a radiant altar of Vehumet.
  7242 | D:8      | Found a snail-covered altar of Cheibriados.
  7301 | D:8      | Found a runed translucent door.
  7303 | D:8      | Noticed mn3067's ghost (novice TrFi)
  7330 | D:8      | Identified the +1 trident "Ameoge" {spect, rF- Int+3 Dex+5
                  | Stlth+}
  7379 | D:8      | Reached skill level 1 in Evocations
  7389 | D:8      | XOM: destruction
  7425 | D:8      | XOM: god gift: scroll labelled SEGEZIM ACUZI {god gift}
  7464 | D:8      | Reached skill level 5 in Dodging
  7464 | D:8      | Reached skill level 2 in Evocations
  7468 | D:8      | Reached skill level 3 in Evocations
  7468 | D:8      | Reached XP level 10. HP: 64/93 MP: 10/10
  7475 | D:8      | Reached skill level 9 in Fighting
  7475 | D:8      | Reached skill level 4 in Evocations
  7732 | D:8      | XOM: 3-stop teleportation journey
  7821 | D:8      | Reached skill level 10 in Long Blades
  7869 | D:8      | XOM: scenery: 1 doors open
  7877 | D:8      | XOM: summons friendly shadow imp
  7892 | D:8      | XOM: summons friendly quasit
  8023 | D:8      | Found a hide-covered altar of Uskayaw.
  8205 | D:9      | XOM: enchant monster (bad)
  8212 | D:9      | XOM: noise
  8228 | D:9      | Found a staircase to the Orcish Mines.
  8234 | D:9      | Found a roughly hewn altar of Beogh.
  8346 | D:9      | Found a flagged portal.
  8384 | Bailey   | Entered a bailey
  8393 | Bailey   | Lost mutation: Your health recovers twice as slowly from
                  | being drained. [potion of mutation]
  8393 | Bailey   | Lost mutation: You are very robust. (+20% HP) [potion of
                  | mutation]
  8393 | Bailey   | Gained mutation: Your muscles are strong. (Str +4, Int/Dex
                  | -1) [potion of mutation]
  8434 | Bailey   | XOM: divination: magic mapping
  8510 | Bailey   | Reached skill level 10 in Fighting
  8635 | Bailey   | XOM: noise
  8688 | Bailey   | Noticed an orc knight
  8695 | Bailey   | XOM: divination: detect creatures
  8698 | Bailey   | XOM: potion effect (brilliance)
  8704 | Bailey   | Killed an orc knight
  8729 | Bailey   | XOM: cloud trail
  9176 | D:9      | Reached skill level 2 in Armour
  9230 | D:9      | XOM is BORED!
  9230 | D:9      | XOM: draining
  9244 | D:9      | Reached skill level 11 in Long Blades
  9305 | D:9      | Found a white marble altar of Elyvilon.
  9305 | D:9      | XOM: 5-stop teleportation journey
  9370 | D:9      | Found a staircase to the Lair.
  9428 | D:9      | XOM: 2-stop teleportation journey
  9478 | D:9      | Noticed a kobold demonologist
  9486 | D:9      | Killed a kobold demonologist
  9519 | D:9      | XOM: give mutations
  9519 | D:9      | Gained mutation: Armour fits poorly on your strangely
                  | shaped body. [Xom's mischief]
  9519 | D:9      | Lost mutation: Your muscles are strong. (Str +4, Int/Dex
                  | -1) [Xom's mischief]
  9544 | D:9      | XOM: give mutations
  9544 | D:9      | Gained mutation: You are clumsy. (Dex -2) [Xom's mischief]
  9544 | D:9      | Gained mutation: Your spells are a little easier to cast,
                  | but a little less powerful. [Xom's mischief]
  9544 | D:9      | Lost mutation: Your spells are a little easier to cast, but
                  | a little less powerful. [Xom's mischief]
  9631 | D:9      | Reached XP level 11. HP: 68/99 MP: 11/11
  9757 | D:9      | XOM: give mutations
  9757 | D:9      | Gained mutation: You are dopey. (Int -2) [Xom's mischief]
  9757 | D:9      | Lost mutation: You are clumsy. (Dex -2) [Xom's mischief]
  9914 | D:10     | Entered Level 10 of the Dungeon
 10004 | D:10     | Noticed a two-headed ogre
 10044 | D:10     | Found a hazy altar of Hepliaklqana.
 10113 | D:10     | XOM: enchant monster (bad)
 10138 | D:10     | Reached skill level 5 in Evocations
 10585 | Lair:1   | Entered Level 1 of the Lair of Beasts
 10585 | Lair:1   | Noticed Gastronok
 10614 | Lair:1   | Killed Gastronok
 10615 | Lair:1   | Reached skill level 3 in Armour
 11023 | Lair:1   | Reached skill level 6 in Evocations
 11050 | Lair:1   | XOM: 2-stop teleportation journey
 11066 | Lair:1   | XOM: 2-stop teleportation journey
 11153 | Lair:1   | XOM: god gift: 35 gold pieces
 11193 | Lair:1   | Reached skill level 6 in Dodging
 11246 | Lair:1   | XOM: cleaving
 11450 | Lair:1   | XOM: confuse monster(s)
 11454 | Lair:1   | XOM: summons friendly iron imp
 11469 | Lair:1   | Reached skill level 11 in Fighting
 11469 | Lair:1   | Reached skill level 4 in Armour
 11716 | Lair:1   | XOM: summons 6 hostile demons
 11732 | Lair:1   | Reached skill level 7 in Evocations
 11934 | Lair:1   | XOM: divination: magic mapping
 12269 | Lair:2   | Reached XP level 12. HP: 105/110 MP: 12/12
 12428 | Lair:2   | Reached skill level 12 in Long Blades
 12432 | Lair:2   | Reached skill level 5 in Armour
 12444 | Lair:2   | Reached skill level 8 in Evocations
 12668 | Lair:2   | Reached skill level 7 in Dodging
 12838 | Lair:2   | Found a staircase to the Snake Pit.
 12852 | Lair:2   | Noticed a five-headed hydra
 12926 | Lair:2   | Found an iron altar of Okawaru.
 12926 | Lair:2   | XOM: silly message
 12978 | Lair:2   | Noticed Sonja
 12986 | Lair:2   | Killed Sonja
 13208 | Lair:2   | XOM: scenery: create altars
 13565 | Lair:3   | XOM: cast spell 'Malign Gateway'
 13576 | Lair:3   | XOM: butterfly on damage
 13664 | Lair:3   | XOM: give mutations
 13664 | Lair:3   | Gained mutation: You have an increased reservoir of magic.
                  | (+10% MP) [Xom's mischief]
 13664 | Lair:3   | Lost mutation: Armour fits poorly on your strangely shaped
                  | body. [Xom's mischief]
 13664 | Lair:3   | Gained mutation: You are strong-willed. (Will+) [Xom's
                  | mischief]
 13664 | Lair:3   | Gained mutation: Your skin changes colour to match your
                  | surroundings (Stealth+). [Xom's mischief]
 13730 | Lair:3   | Reached skill level 9 in Evocations
 13730 | Lair:3   | Found a staircase to the Shoals.
 13738 | Lair:3   | Noticed a seven-headed hydra
 13954 | Lair:3   | XOM: divination: magic mapping
 13966 | Lair:3   | Learned a level 4 spell: Manifold Assault
 14134 | Lair:3   | Found an ancient bone altar of Kikubaaqudgha.
 14339 | Lair:3   | XOM: divination: magic mapping
 14378 | Lair:4   | Reached skill level 6 in Armour
 14382 | Lair:4   | XOM: cloud trail
 14417 | Lair:4   | Found a dark tunnel.
 14439 | Volcano  | Entered a volcano
 14460 | Volcano  | XOM: 3-stop teleportation journey
 14499 | Volcano  | XOM: fog
 14501 | Volcano  | Reached skill level 12 in Fighting
 14525 | Volcano  | Reached skill level 8 in Dodging
 14525 | Volcano  | Reached XP level 13. HP: 101/118 MP: 14/14
 14593 | Volcano  | XOM: divination: detect items
 14642 | Volcano  | XOM: scenery: 2 doors open, 1 doors close
 14650 | Volcano  | Reached skill level 10 in Evocations
 14650 | Volcano  | XOM: fog
 14652 | Volcano  | XOM: enchant monster (good)
 14799 | Volcano  | XOM: god gift: staff of death
 14825 | Lair:4   | Reached skill level 13 in Long Blades
 14830 | Lair:4   | XOM: summons 5 friendly demons
 14848 | Lair:4   | Noticed Snorg
 14867 | Lair:4   | XOM: summons 2 friendly demons
 14872 | Lair:4   | Killed Snorg
 14883 | Lair:4   | XOM: scenery: 1 doors open
 14961 | Lair:4   | XOM: summons 7 hostile demons
 14987 | Lair:4   | XOM: enchant monster (bad)
 15061 | Lair:4   | XOM: 3-stop teleportation journey
 15215 | Lair:4   | XOM: 3-stop teleportation journey
 15640 | Lair:4   | XOM: cleaving
 15766 | Lair:4   | Found a staircase to the Slime Pits.
 15872 | Lair:5   | Entered Level 5 of the Lair of Beasts
 15980 | Lair:4   | XOM: repel stairs
 15982 | Lair:4   | XOM: cleaving
 15991 | Lair:4   | Reached skill level 9 in Dodging
 16002 | Lair:4   | XOM: silly message
 16032 | Lair:4   | XOM: scenery: 1 doors open, 1 doors close
 16166 | Lair:5   | Reached skill level 13 in Fighting
 16234 | Lair:5   | XOM: 7-stop teleportation journey
 16237 | Lair:5   | XOM: potion effect (attraction)
 16402 | Lair:5   | XOM: give mutations
 16402 | Lair:5   | Gained mutation: Your muscles are strong. (Str +4, Int/Dex
                  | -1) [Xom's grace]
 16402 | Lair:5   | Gained mutation: You are completely covered in iridescent
                  | scales. (AC +6) [Xom's grace]
 16402 | Lair:5   | Gained mutation: Your flesh is heat resistant. (rF+) [Xom's
                  | grace]
 16402 | Lair:5   | Gained mutation: You passively map a small area around you.
                  | [Xom's grace]
 16437 | Lair:5   | XOM: 2-stop teleportation journey
 16447 | Lair:5   | XOM: cleaving
 16691 | Lair:5   | XOM: give mutation
 16691 | Lair:5   | Lost mutation: You are dopey. (Int -2) [Xom's mischief]
 16709 | Lair:5   | Found a transporter.
 16709 | Lair:5   | Noticed YordlordTheGreat's ghost (journeyman HuCA)
 16954 | Lair:5   | Found a transporter.
 16970 | Lair:5   | XOM: 5-stop teleportation journey
 17139 | Lair:5   | Reached XP level 14. HP: 125/129 MP: 15/15
 17281 | Lair:5   | XOM: smoke on damage
 17296 | Lair:5   | XOM: silly message
 17298 | Lair:5   | Reached skill level 14 in Long Blades
 17453 | Lair:5   | XOM: polymorph death yak -> shapeshifter
 17454 | Lair:5   | XOM: enchant monster (good)
 17456 | Lair:5   | XOM: swap monsters
 17457 | Lair:5   | XOM: butterfly on damage
 17869 | Lair:5   | XOM is BORED!
 17869 | Lair:5   | XOM: swap monsters
 17885 | Lair:5   | Reached skill level 10 in Dodging
 17895 | Lair:5   | Killed a ghost moth
 17990 | Lair:4   | XOM: silly message
 18189 | Lair:5   | XOM: polymorph catoblepas -> steelbarb worm
 18209 | Lair:5   | XOM: summons 11 friendly demons
 18217 | Lair:5   | Reached skill level 14 in Fighting
 18217 | Lair:5   | XOM: silly message
 18223 | Lair:5   | Reached skill level 11 in Evocations
 18432 | Lair:5   | XOM: stat loss: -1 Dex (18/19)
 18683 | Lair:5   | XOM: give mutation
 18683 | Lair:5   | Lost mutation: Your flesh is heat resistant. (rF+) [Xom's
                  | mischief]
 18683 | Lair:5   | Gained mutation: You are vulnerable to heat. (rF-) [Xom's
                  | mischief]
 19450 | D:12     | XOM: noise
 19463 | D:12     | XOM: 2-stop teleportation journey
 20106 | Orc:1    | Entered Level 1 of the Orcish Mines
 20125 | Orc:1    | XOM: divination: detect creatures
 20212 | Orc:1    | XOM: cloud trail
 20232 | Orc:1    | Found Fotojeg's Antique Weapon Boutique.
 20240 | Orc:1    | Bought a brightly glowing long sword for 229 gold pieces
 20240 | Orc:1    | Identified the +3 long sword of Orhi {elec, Int+3} (You
                  | bought it in a shop on level 1 of the Orcish Mines)
 20387 | Orc:1    | Found Hallajat's Antique Armour Boutique.
 20473 | Orc:1    | Found Zikiasuc's Antique Armour Emporium.
 20474 | Orc:1    | XOM: noise
 20617 | Orc:1    | Found Pohezial's Distillery.
 20619 | Orc:1    | Found a transporter.
 20620 | Orc:1    | Noticed Zuxkoip's ghost (journeyman MiFi)
 20635 | Orc:1    | Identified the +1 dire flail of the Crypt {flame, rElec rN+
                  | Dex+2}
 20671 | Orc:1    | Noticed an orc warlord
 20685 | Orc:1    | Killed an orc warlord
 20905 | Orc:1    | XOM: give mutation
 20905 | Orc:1    | Lost mutation: You are strong-willed. (Will+) [Xom's
                  | mischief]
 21089 | Orc:2    | Entered Level 2 of the Orcish Mines
 21106 | Orc:2    | Found a staircase to the Elven Halls.
 21123 | Orc:1    | Found Tebibahi's Assorted Antiques.
 21140 | Orc:1    | Bought a purple potion for 23 gold pieces
 21420 | Orc:2    | XOM: summons friendly quasit
 21424 | Orc:2    | Reached skill level 12 in Evocations
 21468 | Orc:2    | Reached skill level 11 in Dodging
 21569 | Orc:2    | XOM is BORED!
 21799 | Orc:2    | XOM: divination: magic mapping
 21810 | Orc:2    | XOM: divine lightning
 21815 | Orc:2    | XOM: summons 10 friendly demons
 21871 | Orc:2    | XOM: fog
 21875 | Orc:2    | Found Qudub's Book Emporium.
 21915 | Orc:2    | XOM: potion effect (might)
 22024 | Orc:2    | XOM: noise
 22030 | Orc:2    | XOM: potion effect (invisibility)
 22052 | Orc:2    | Noticed Erolcha
 22060 | Orc:2    | Killed Erolcha
 22066 | Orc:2    | Reached XP level 15. HP: 134/139 MP: 16/16
 22229 | Orc:2    | Found Typh's Magic Scroll Boutique.
 22229 | Orc:2    | Found Foruff's Book Shoppe.
 22231 | Orc:2    | Found Ykkunk's General Store.
 22233 | Orc:2    | Found Heor's Book Shop.
 22245 | Orc:2    | Acquired 866 gold pieces
 22251 | Orc:2    | Bought a scroll of acquirement for 780 gold pieces
 22251 | Orc:2    | Acquired the +1 double sword of Doom {drain, Will++}
 22831 | D:13     | XOM: confuse monster(s)
 22888 | D:13     | XOM: enchant monster (bad)
 22892 | D:13     | XOM: god gift: chain mail {god gift}
 23017 | D:13     | XOM: divination: detect items
 23195 | D:13     | XOM: god gift: runed gilded ring {god gift}
 23554 | D:13     | Reached skill level 15 in Fighting
 23596 | D:14     | Reached skill level 13 in Evocations
 23620 | D:14     | XOM: summons friendly shadow imp
 23629 | D:14     | XOM: silly message
 23635 | D:14     | Reached skill level 1 in Translocations
 23895 | D:14     | Reached skill level 1 in Spellcasting
 23915 | D:14     | XOM: enchant monster (bad)
 23921 | D:14     | XOM: enchant monster (bad)
 23929 | D:14     | XOM: enchant monster (bad)
 24123 | D:14     | Found a glowing golden altar of the Shining One.
 24185 | D:14     | XOM: torment (63/141 hp)
 24286 | D:14     | XOM: noise
 24405 | D:14     | Reached skill level 2 in Translocations
 24510 | D:14     | Found a gate to the Vaults.
 24536 | D:14     | XOM: give mutations
 24536 | D:14     | Lost mutation: You have an increased reservoir of magic.
                  | (+10% MP) [Xom's mischief]
 24536 | D:14     | Lost mutation: You are robust. (+10% HP) [Xom's mischief]
 24536 | D:14     | Lost mutation: You have a pair of small horns on your head.
                  | [Xom's mischief]
 24536 | D:14     | Lost mutation: You possess an exceptional clarity of mind.
                  | [Xom's mischief]
 24603 | D:14     | XOM: fog
 25015 | D:15     | Entered Level 15 of the Dungeon
 25065 | D:15     | Reached skill level 2 in Spellcasting
 25069 | D:15     | XOM: divination: detect items
 25133 | D:15     | Found a gate leading to a gauntlet.
 25138 | Gauntlet | Entered a Gauntlet
 25138 | Gauntlet | Found a transporter.
 25148 | Gauntlet | Found a transporter.
 25163 | Gauntlet | Found a transporter.
 25168 | Gauntlet | Found a transporter.
 25183 | Gauntlet | Found a transporter.
 25202 | Gauntlet | Found a transporter.
 25214 | Gauntlet | Found a transporter.
 25224 | Gauntlet | XOM: silly message
 25226 | Gauntlet | Found a transporter.
 25238 | Gauntlet | Found a transporter.
 25250 | Gauntlet | Found a transporter.
 25267 | Gauntlet | Found a transporter.
 25285 | Gauntlet | Found a transporter.
 25287 | Gauntlet | Found a transporter.
 25314 | Gauntlet | Found a transporter.
 25314 | Gauntlet | Found a transporter.
 25334 | Gauntlet | Found a transporter.
 25406 | Gauntlet | XOM: cloud trail
 25414 | Gauntlet | Found a transporter.
 25436 | Gauntlet | Found a transporter.
 25550 | Gauntlet | Gained mutation: You are clumsy. (Dex -2) [a shining eye]
 25558 | Gauntlet | Gained mutation: You are frail. (-10% HP) [a shining eye]
 25597 | Gauntlet | Acquired the ring "Ulleadgh" {rF+ Int-4 Dex+6}
 25823 | Gauntlet | XOM: silly message
 25828 | Gauntlet | Identified the +0 pair of gloves "Giott" {Dex+5}
 25857 | Gauntlet | Identified the +2 chain mail of Resourcefulness {rElec rC-
                  | Will++ Dex+4}
 26098 | D:15     | XOM: cloud trail
 26101 | D:15     | XOM: enchant monster (good)
 26117 | D:15     | XOM: cast spell 'Olgreb's Toxic Radiance'
 26131 | D:15     | Reached skill level 3 in Translocations
 26190 | D:15     | XOM: summons 6 friendly demons
 26191 | D:15     | Reached skill level 15 in Long Blades
 26343 | D:15     | Reached skill level 12 in Dodging
 26343 | D:15     | Reached skill level 3 in Spellcasting
 26552 | D:15     | XOM: potion effect (berserk rage)
 26662 | D:15     | Noticed Nessos
 26664 | D:15     | Killed Nessos
 26680 | D:15     | Reached XP level 16. HP: 122/122 MP: 20/20
 26682 | D:15     | Found a staircase to the Depths.
 26693 | D:15     | XOM: divine lightning
 26784 | D:15     | XOM: summons 15 friendly demons
 26981 | D:15     | XOM is BORED!
 26981 | D:15     | XOM: summons 1 hostile demon
 27160 | Snake:1  | Entered Level 1 of the Snake Pit
 27196 | Snake:1  | Found Byikytem's Armour Shoppe.
 27261 | Snake:1  | Reached skill level 4 in Translocations
 27307 | Snake:1  | XOM: give mutations
 27307 | Snake:1  | Gained mutation: Your natural rate of healing is unusually
                  | fast. [Xom's grace]
 27307 | Snake:1  | Gained mutation: You have a pair of small antennae on your
                  | head. [Xom's grace]
 27307 | Snake:1  | Gained mutation: You have a moderately thin skeletal
                  | structure. (Dex +4, Stealth++) [Xom's grace]
 27377 | Snake:1  | Reached skill level 14 in Evocations
 27737 | Snake:1  | Noticed Donald
 27743 | Snake:1  | Killed Donald
 27766 | Snake:1  | Reached skill level 4 in Spellcasting
 27971 | Snake:1  | Reached skill level 5 in Translocations
 28049 | Snake:1  | XOM: snakes to sticks
 28236 | Snake:1  | XOM: divination: detect items
 28578 | Snake:1  | XOM: god gift: +3 chain mail of poison resistance
 28606 | Snake:1  | XOM: cloud trail
 28763 | Snake:2  | Reached skill level 6 in Translocations
 28817 | Snake:2  | XOM: blink monster(s)
 28925 | Snake:2  | Found a hide-covered altar of Uskayaw.
 28929 | Snake:2  | XOM: confuse monster(s)
 28985 | Snake:2  | XOM: god gift: potion of berserk rage
 29008 | Snake:2  | Reached skill level 16 in Long Blades
 29013 | Snake:2  | XOM: cast spell 'Summon Cactus Giant'
 29172 | Snake:2  | Reached skill level 7 in Translocations
 29290 | Snake:3  | XOM: cloud trail
 29705 | Snake:3  | Noticed a nagaraja
 29710 | Snake:3  | Reached skill level 8 in Translocations
 29719 | Snake:3  | XOM: smoke on damage
 29720 | Snake:3  | Killed a nagaraja
 29789 | Snake:3  | XOM: 3-stop teleportation journey
 29867 | Snake:3  | XOM: god gift: 7 gold pieces
 29978 | Snake:3  | XOM: enchant monster (good)
 30099 | Snake:3  | Reached skill level 9 in Translocations
 30107 | Snake:3  | XOM: silly message
 30237 | Snake:3  | XOM: divination: magic mapping
 30535 | Snake:4  | Entered Level 4 of the Snake Pit
 30593 | Snake:4  | XOM: scenery: create altars
 30650 | Snake:4  | XOM: enchant monster (bad)
 30982 | Lair:5   | Killed YordlordTheGreat's ghost
 30983 | Lair:5   | Reached skill level 10 in Translocations
 30985 | Lair:5   | Reached XP level 17. HP: 127/127 MP: 23/23
 30989 | Lair:5   | Identified the amulet of Leoxatoh {Acrobat Str+3}
 31356 | Snake:4  | Learned a level 4 spell: Passage of Golubria
 31361 | Snake:4  | Learned a level 4 spell: Vhi's Electric Charge
 31368 | Snake:4  | Learned a level 6 spell: Dispersal
 31748 | Snake:4  | Reached skill level 1 in Air Magic
 31903 | Snake:4  | Noticed Saint Roka
 31910 | Snake:4  | XOM: summons friendly iron imp
 31930 | Snake:4  | Killed Saint Roka
 32062 | Snake:3  | XOM: silly message
 32089 | Snake:4  | XOM: 1-stop teleportation journey
 32247 | Snake:4  | Reached skill level 2 in Air Magic
 32268 | Snake:4  | XOM: give mutation
 32268 | Snake:4  | Gained mutation: Your skin blends seamlessly with your
                  | surroundings (Stealth++). [Xom's grace]
 32292 | Snake:4  | XOM: 1-stop teleportation journey
 32298 | Snake:4  | Reached skill level 5 in Spellcasting
 32362 | Snake:4  | XOM: summons 9 hostile demons
 32595 | Snake:4  | Reached skill level 16 in Fighting
 32734 | Snake:4  | XOM: draining
 32935 | Snake:4  | XOM: give mutation
 32935 | Snake:4  | Lost mutation: Your muscles are strong. (Str +4, Int/Dex
                  | -1) [Xom's mischief]
 32986 | Snake:4  | Reached skill level 3 in Air Magic
 33210 | Snake:4  | XOM: scenery: create altars
 33238 | Snake:4  | XOM: polymorph naga warrior -> troll
 33428 | Snake:4  | XOM: cast spell 'Summon Hydra'
 33479 | Snake:4  | XOM: god gift: 15 gold pieces
 33827 | Snake:4  | Got a serpentine rune of Zot
 33850 | Snake:4  | XOM: cloud trail
 34235 | Shoals:1 | Entered Level 1 of the Shoals
 34241 | Shoals:1 | XOM: potion effect (brilliance)
 34251 | Shoals:1 | Reached skill level 13 in Dodging
 34334 | Shoals:1 | Reached skill level 4 in Air Magic
 34415 | Shoals:1 | XOM: divination: detect creatures
 34582 | Shoals:1 | Noticed Kirke
 34594 | Shoals:1 | Killed Kirke
 34685 | Shoals:1 | Noticed Roxanne
 34705 | Shoals:1 | Killed Roxanne
 34916 | Shoals:1 | XOM: give mutations
 34916 | Shoals:1 | Lost mutation: You are clumsy. (Dex -2) [Xom's mischief]
 34916 | Shoals:1 | Lost mutation: Your natural rate of healing is unusually
                  | fast. [Xom's mischief]
 34916 | Shoals:1 | Lost mutation: You have a pair of small antennae on your
                  | head. [Xom's mischief]
 35237 | Shoals:1 | XOM: torment (66/130 hp)
 35457 | Shoals:1 | Reached skill level 11 in Translocations
 35797 | Shoals:1 | XOM: summons 9 hostile demons
 36160 | Shoals:2 | Reached XP level 18. HP: 137/137 MP: 21/25
 36186 | Shoals:2 | XOM: stat loss: -1 Int (12/13)
 36920 | Shoals:2 | Identified the +2 helmet "Tahaz" {Dex+3 Stlth+}
 36989 | Shoals:2 | XOM: noise
 36998 | Shoals:2 | XOM: 3-stop teleportation journey
 37406 | Shoals:3 | XOM: 2-stop teleportation journey
 37575 | Shoals:3 | Found Qaust's Weapon Shoppe.
 37737 | Shoals:3 | Reached skill level 17 in Fighting
 37945 | Shoals:3 | XOM is BORED!
 37945 | Shoals:3 | XOM: stat loss: -3 Int (10/13)
 37992 | Shoals:3 | XOM: summons 1 hostile demon
 38077 | Shoals:3 | XOM: enchant monster (bad)
 38211 | Shoals:3 | XOM: 1-stop teleportation journey
 38365 | Shoals:3 | XOM: noise
 38855 | Shoals:3 | XOM: 10-stop teleportation journey
 38959 | Shoals:3 | XOM: stat loss: -1 Dex (34/35)
 38960 | Shoals:3 | XOM: draining
 38970 | Shoals:3 | Reached skill level 12 in Translocations
 39160 | Shoals:3 | Reached skill level 14 in Dodging
 39292 | Shoals:3 | XOM: give mutations
 39292 | Shoals:3 | Gained mutation: Your flesh is cold resistant. (rC+) [Xom's
                  | grace]
 39292 | Shoals:3 | Gained mutation: You passively map the area around you.
                  | [Xom's grace]
 39292 | Shoals:3 | Gained mutation: You expend magic power (3 MP) to
                  | strengthen your wands. [Xom's grace]
 39668 | Shoals:3 | Identified the amulet of Yteis {Acrobat -Cast Harm ^Drain
                  | rF+++}
 39692 | Shoals:3 | XOM: scenery: 1 doors close
 39763 | Shoals:3 | XOM: give mutations
 39763 | Shoals:3 | Gained mutation: A frigid envelope surrounds you and
                  | freezes all who hurt you. [Xom's grace]
 39763 | Shoals:3 | Gained mutation: You possess an exceptional clarity of
                  | mind. [Xom's grace]
 39763 | Shoals:3 | Gained mutation: Your flesh is very cold resistant. (rC++)
                  | [Xom's grace]
 39763 | Shoals:3 | Gained mutation: You have supernaturally acute eyesight.
                  | (SInv) [Xom's grace]
 39907 | Shoals:4 | Entered Level 4 of the Shoals
 40378 | Shoals:4 | XOM: give mutations
 40378 | Shoals:4 | Gained mutation: Your mind is acute. (Int +4, Str/Dex -1)
                  | [Xom's grace]
 40378 | Shoals:4 | Gained mutation: Your muscles are strong. (Str +4, Int/Dex
                  | -1) [Xom's grace]
 40378 | Shoals:4 | Gained mutation: You are partially covered in large bone
                  | plates. (SH +4) [Xom's grace]
 40859 | Shoals:4 | XOM: scenery: create altars
 40992 | Shoals:4 | Reached skill level 18 in Fighting
 41361 | Shoals:4 | Noticed a titan
 41365 | Shoals:4 | Killed a titan
 41425 | Shoals:4 | Reached skill level 15 in Dodging
 41521 | Shoals:4 | Got the Incunable of Differential Snow
 41529 | Shoals:4 | Got a barnacled rune of Zot
 41561 | Shoals:4 | XOM: cloud trail
 41591 | Shoals:4 | XOM is BORED!
 41591 | Shoals:4 | XOM: stat loss: -3 Int (13/16)
 41613 | Shoals:4 | XOM: smoke on damage
 41621 | Shoals:4 | Reached XP level 19. HP: 95/146 MP: 7/26
 41621 | Shoals:4 | XOM: scenery: summon butterflies
 41815 | Shoals:4 | XOM: scenery: summon butterflies
 42357 | Orc:2    | XOM: scenery: create altars
 42367 | Elf:1    | Entered Level 1 of the Elven Halls
 42399 | Elf:1    | XOM: give mutation
 42399 | Elf:1    | Lost mutation: You passively map the area around you.
                  | [Xom's mischief]
 42505 | Elf:1    | XOM: cloud trail
 42587 | Elf:1    | XOM: 1-stop teleportation journey
 42840 | Elf:1    | XOM: cloud trail
 42888 | Elf:1    | Noticed Nikola
 42911 | Elf:1    | XOM: potion effect (haste)
 42914 | Elf:1    | Killed Nikola
 43029 | Elf:1    | XOM: 3-stop teleportation journey
 43405 | Elf:1    | XOM: scenery: 1 doors open, 2 doors close
 43456 | Elf:1    | Got the Secrets of Necromantic Magicks
 44054 | Elf:2    | XOM: scenery: 1 doors open, 2 doors close
 44259 | Elf:2    | Found a runed translucent gate.
 44259 | Elf:2    | Found a runed translucent gate.
 44259 | Elf:2    | Found a runed translucent gate.
 44260 | Elf:2    | Noticed Ajyf's ghost (adept DgEE)
 44261 | Elf:2    | Noticed Ironuh's ghost (adept MDMo)
 44401 | Elf:2    | Reached skill level 19 in Fighting
 44427 | Elf:2    | XOM: god gift: boomerang
 44499 | Elf:2    | Found a runed translucent gate.
 44529 | Elf:2    | XOM: noise
 44547 | Elf:2    | Found a runed translucent gate.
 44548 | Elf:2    | Found a runed translucent gate.
 44643 | Elf:2    | XOM: 2-stop teleportation journey
 44668 | Elf:2    | Reached skill level 16 in Dodging
 44818 | Elf:2    | Found Hayt's Antique Weapon Boutique.
 44861 | Elf:2    | XOM: 1-stop teleportation journey
 45105 | Elf:2    | Paralysed by an air elemental for 1 turns
 45320 | Elf:2    | XOM: enchant monster (bad)
 46234 | Elf:2    | Killed Ironuh's ghost
 46241 | Elf:2    | Killed Ajyf's ghost
 46259 | Elf:2    | Identified the +1 pair of boots of the Moneychanger {rF+
                  | Regen+}
 46291 | Elf:2    | Identified the staff "Jeilyuro" {*Corrode rElec rF+ Stlth+
                  | Tloc Air}
 46410 | Orc:1    | Bought runed pearl dragon scales for 2654 gold pieces
 46534 | Elf:3    | XOM: noise
 46534 | Elf:3    | Entered Level 3 of the Elven Halls
 46553 | Elf:3    | XOM is BORED!
 46553 | Elf:3    | XOM: noise
 46667 | Elf:3    | XOM: silly message
 47109 | Elf:3    | XOM is BORED!
 47109 | Elf:3    | XOM: noise
 47355 | Elf:3    | Reached XP level 20. HP: 145/158 MP: 27/27
 47368 | Elf:3    | XOM: potion effect (invisibility)
 47401 | Elf:3    | XOM: enchant monster (good)
 47651 | Elf:3    | XOM: silly message
 48120 | Elf:3    | XOM: enchant monster (bad)
 48220 | Elf:3    | Reached skill level 7 in Armour
 48316 | Elf:3    | XOM is BORED!
 48316 | Elf:3    | XOM: give mutations
 48316 | Elf:3    | Lost mutation: Your muscles are strong. (Str +4, Int/Dex
                  | -1) [Xom's mischief]
 48316 | Elf:3    | Lost mutation: You have a moderately thin skeletal
                  | structure. (Dex +4, Stealth++) [Xom's mischief]
 48360 | Elf:3    | Reached skill level 6 in Spellcasting
 48473 | Elf:3    | Identified the +8 shortbow "Kiehemio" {antimagic, rElec rC-
                  | Int+4}
 48474 | Elf:3    | Identified the +6 fire dragon scales "Qusic" {rF++ rC-
                  | Str+2}
 48490 | Elf:3    | Found the +6 lightning scales {swift, rElec}
 48516 | Elf:3    | Got the Almanac of Burnt Direction
 48960 | Vaults:1 | Entered Level 1 of the Vaults
 49008 | Vaults:1 | XOM: give mutations
 49008 | Vaults:1 | Lost mutation: Your flesh is very cold resistant. (rC++)
                  | [Xom's mischief]
 49008 | Vaults:1 | Lost mutation: You are completely covered in iridescent
                  | scales. (AC +6) [Xom's mischief]
 49012 | Vaults:1 | Found Cyusouta's Antique Armour Shoppe.
 49044 | Vaults:1 | Reached skill level 20 in Fighting
 49052 | Vaults:1 | Found a glowing golden altar of the Shining One.
 49265 | Vaults:1 | Found a magical portal.
 49272 | WizLab   | Entered Maxwell's Workshop
 49272 | WizLab   | XOM: noise
 50075 | WizLab   | XOM: chaos cloud
 50112 | WizLab   | Identified the +7 leather armour "Omap" {-Cast +Inv Dex-3
                  | SInv}
 50143 | WizLab   | XOM: smoke on damage
 50266 | WizLab   | Identified the amulet of the Nine Realms {Spirit rC++}
 50273 | WizLab   | Noticed an electric golem
 50331 | WizLab   | XOM: summons 11 hostile demons
 50351 | WizLab   | XOM is BORED!
 50351 | WizLab   | XOM: summons 8 hostile demons
 50555 | WizLab   | Killed an electric golem
 50664 | WizLab   | Identified the ring "Xuasuiw" {Ice *Corrode Int+2 Dex+5}
 50755 | WizLab   | Reached skill level 8 in Armour
 50853 | WizLab   | Reached skill level 7 in Spellcasting
 50929 | WizLab   | XOM: god gift: potion of heal wounds
 50941 | WizLab   | Identified the ring "Muihu" {Ice Str+3 Dex+5 Slay+3}
 50942 | WizLab   | Identified the ring of Ydazuirch {Fire rElec Will++}
 50957 | WizLab   | Lost mutation: Your system is resistant to poisons. (rPois)
                  | [potion of mutation]
 50957 | WizLab   | Lost mutation: You are vulnerable to heat. (rF-) [potion of
                  | mutation]
 50957 | WizLab   | Lost mutation: Your mind is acute. (Int +4, Str/Dex -1)
                  | [potion of mutation]
 50957 | WizLab   | Lost mutation: A frigid envelope surrounds you and freezes
                  | all who hurt you. [potion of mutation]
 51162 | WizLab   | XOM: scenery: 1 doors close
 51350 | Vaults:1 | Reached skill level 17 in Long Blades
 51350 | Vaults:1 | XOM: scenery: 1 doors close
 51416 | Vaults:1 | Found Jiusixiq's Armour Shop.
 51679 | Vaults:1 | XOM: cloud trail
 51883 | Vaults:1 | Found Naxiluc Deng's Magic Scroll Shop.
 51892 | Vaults:1 | Bought a scroll of blinking for 82 gold pieces
 51892 | Vaults:1 | Bought a scroll of revelation for 82 gold pieces
 51892 | Vaults:1 | Bought a scroll of summoning for 104 gold pieces
 51892 | Vaults:1 | Bought a scroll of enchant weapon for 82 gold pieces
 52038 | Vaults:1 | Reached XP level 21. HP: 164/164 MP: 32/32
 52110 | Vaults:1 | Reached skill level 9 in Armour
 52342 | Vaults:1 | XOM: summons 3 hostile shadow creatures
 52452 | Vaults:2 | Reached skill level 8 in Spellcasting
 53032 | Vaults:2 | Reached skill level 10 in Armour
 53380 | Vaults:2 | XOM: 2-stop teleportation journey
 53412 | Vaults:2 | XOM: noise
 53509 | Vaults:2 | Reached skill level 18 in Long Blades
 53585 | Vaults:2 | Noticed Bai Suzhen
 53597 | Vaults:2 | Killed Bai Suzhen
 53887 | Vaults:2 | XOM: confuse monster(s)
 53974 | Vaults:2 | Found Xoac's Antique Armour Boutique.
 54000 | Vaults:2 | XOM: god gift: shiny buckler {god gift}
 54155 | Vaults:2 | Bought an embroidered scarf for 280 gold pieces
 54227 | Vaults:2 | XOM: silly message
 54423 | Vaults:2 | XOM: cloud trail
 54631 | Vaults:2 | Found a staircase to the Crypt.
 54658 | Vaults:2 | XOM is BORED!
 54679 | Vaults:3 | XOM: noise
 54810 | Vaults:3 | Reached skill level 11 in Armour
 55018 | Vaults:3 | XOM: summons 3 hostile shadow creatures
 55023 | Vaults:3 | XOM: give mutations
 55023 | Vaults:3 | Lost mutation: You possess an exceptional clarity of mind.
                  | [Xom's mischief]
 55023 | Vaults:3 | Lost mutation: You are mostly covered in iridescent scales.
                  | (AC +4) [Xom's mischief]
 55023 | Vaults:3 | Lost mutation: You expend magic power (3 MP) to strengthen
                  | your wands. [Xom's mischief]
 55025 | Vaults:3 | XOM: smoke on damage
 55209 | Vaults:3 | XOM: give mutation
 55209 | Vaults:3 | Gained mutation: Your body sometimes deteriorates upon
                  | taking damage. [Xom's mischief]
 55331 | Vaults:3 | XOM: silly message
 55332 | Vaults:3 | XOM: summons friendly white imp
 55426 | Vaults:3 | XOM: give mutations
 55426 | Vaults:3 | Gained mutation: You are very frail. (-20% HP) [Xom's
                  | mischief]
 55426 | Vaults:3 | Gained mutation: Your magical capacity is low. (-10% MP)
                  | [Xom's mischief]
 55426 | Vaults:3 | Lost mutation: You passively map a small area around you.
                  | [Xom's mischief]
 55426 | Vaults:3 | Gained mutation: You are clumsy. (Dex -2) [Xom's mischief]
 55663 | Vaults:3 | Found Xyvvunk's Magic Scroll Emporium.
 55666 | Vaults:3 | Bought a scroll of enchant armour for 112 gold pieces
 55666 | Vaults:3 | Bought a scroll of blinking for 112 gold pieces
 55666 | Vaults:3 | Bought a scroll of teleportation for 45 gold pieces
 55666 | Vaults:3 | Bought a scroll of teleportation for 45 gold pieces
 55802 | Vaults:3 | Reached skill level 19 in Long Blades
 55942 | Vaults:3 | Reached XP level 22. HP: 133/152 MP: 30/30
 55943 | Vaults:3 | XOM: scenery: 1 doors open, 3 doors close
 55944 | Vaults:3 | Reached skill level 12 in Armour
 56220 | Vaults:3 | Learned a level 2 spell: Blink
 56491 | Vaults:3 | XOM: noise
 56792 | Vaults:3 | XOM: give mutation
 56792 | Vaults:3 | Lost mutation: You have supernaturally acute eyesight.
                  | (SInv) [Xom's mischief]
 56857 | Vaults:3 | XOM: noise
 58655 | Vaults:4 | Reached skill level 13 in Armour
 58798 | Vaults:4 | XOM: cloud trail
 58890 | Vaults:4 | XOM: 3-stop teleportation journey
 58981 | Vaults:4 | XOM: summons 4 friendly demons
 58982 | Vaults:4 | Reached skill level 13 in Translocations
 59205 | Vaults:4 | XOM: noise
 59592 | Depths:1 | Entered Level 1 of the Depths
 59665 | Depths:1 | Reached skill level 20 in Long Blades
 59707 | Depths:1 | XOM: swap monsters
 59753 | Depths:1 | XOM: enchant monster (good)
 59766 | Depths:1 | XOM: summons 5 friendly demons
 59827 | Depths:1 | XOM: 1-stop teleportation journey
 60206 | Depths:1 | Found a gateway to Hell.
 60559 | Depths:1 | Found a blossoming altar of Fedhas.
 60772 | Depths:1 | XOM: give mutations
 60772 | Depths:1 | Gained mutation: Your mind is acute. (Int +4, Str/Dex -1)
                  | [Xom's grace]
 60772 | Depths:1 | Gained mutation: You are somewhat resistant to further
                  | mutation. [Xom's grace]
 60772 | Depths:1 | Gained mutation: Your mind is very acute. (Int +8, Str/Dex
                  | -2) [Xom's grace]
 61023 | Depths:2 | XOM: give mutation
 61023 | Depths:2 | Gained mutation: You are mostly covered in iridescent
                  | scales. (AC +4) [Xom's grace]
 61034 | Depths:2 | XOM: destruction
 61104 | Depths:2 | XOM: 1-stop teleportation journey
 61107 | Depths:2 | Reached XP level 23. HP: 156/156 MP: 14/31
 61114 | Depths:2 | XOM: summons 4 friendly demons
 61119 | Depths:2 | XOM: summons friendly quasit
 61305 | Depths:2 | Found a one-way gateway to a ziggurat.
 61305 | Depths:2 | XOM: 1-stop teleportation journey
 61314 | Depths:2 | Found a one-way gate to the infinite horrors of the Abyss.
 61509 | Depths:2 | Reached skill level 14 in Translocations
 61698 | Depths:2 | Reached skill level 14 in Armour
 61892 | Depths:2 | XOM: swap monsters
 62286 | Depths:2 | XOM: 1-stop teleportation journey
 62331 | Depths:2 | XOM: summons 3 hostile shadow creatures
 62494 | Depths:2 | XOM: give mutations
 62494 | Depths:2 | Lost mutation: Your mind is very acute. (Int +8, Str/Dex
                  | -2) [Xom's mischief]
 62494 | Depths:2 | Lost mutation: Your body sometimes deteriorates upon taking
                  | damage. [Xom's mischief]
 62494 | Depths:2 | Gained mutation: Your magical capacity is very low. (-20%
                  | MP) [Xom's mischief]
 62802 | Depths:2 | Reached skill level 21 in Long Blades
 63077 | Depths:2 | Found a one-way gate leading to the halls of Pandemonium.
 63080 | Depths:2 | Reached skill level 15 in Translocations
 63276 | Depths:2 | XOM: summons 4 hostile shadow creatures
 63333 | Depths:2 | XOM: give mutations
 63333 | Depths:2 | Lost mutation: Your magical capacity is very low. (-20% MP)
                  | [Xom's mischief]
 63333 | Depths:2 | Lost mutation: Your magical capacity is low. (-10% MP)
                  | [Xom's mischief]
 63334 | Depths:2 | Lost mutation: Your flesh is cold resistant. (rC+) [potion
                  | of mutation]
 63334 | Depths:2 | Lost mutation: You are mostly covered in iridescent scales.
                  | (AC +4) [potion of mutation]
 63987 | Depths:3 | XOM: summons 2 hostile shadow creatures
 64001 | Depths:3 | Noticed Xtahua
 64003 | Depths:3 | XOM: polymorph reaper -> balrug
 64009 | Depths:3 | XOM: chaos cloud
 64030 | Depths:3 | Killed Xtahua
 64707 | Depths:3 | XOM: noise
 64769 | Depths:3 | XOM: stat loss: -1 Int (16/17)
 64788 | Depths:4 | Entered Level 4 of the Depths
 64851 | Depths:4 | Reached skill level 17 in Dodging
 65109 | Depths:4 | XOM: enchant monster (bad)
 65111 | Depths:4 | XOM: smoke on damage
 65160 | Depths:4 | Reached XP level 24. HP: 155/163 MP: 12/35
 65161 | Depths:4 | XOM: draining
 65492 | Depths:4 | XOM: give mutations
 65492 | Depths:4 | Lost mutation: You are very frail. (-20% HP) [Xom's
                  | mischief]
 65492 | Depths:4 | Gained mutation: Your system is resistant to poisons.
                  | (rPois) [Xom's mischief]
 65492 | Depths:4 | Gained mutation: You occasionally shout uncontrollably at
                  | your foes. [Xom's mischief]
 65763 | Depths:4 | Found Izitho's Jewellery Boutique.
 65763 | Depths:4 | Found Hysinih's Book Shoppe.
 65764 | Depths:4 | Found Rujinguno's Jewellery Boutique.
 65784 | Depths:4 | Bought the macabre finger necklace {Finger+ rN+} for 920
                  | gold pieces
 65784 | Depths:4 | Found the macabre finger necklace {Finger+ rN+}
 65796 | Depths:4 | Bought a +6 ring of dexterity for 612 gold pieces
 65921 | Depths:4 | Noticed a caustic shrike
 65928 | Depths:4 | Killed a caustic shrike
 65975 | Depths:4 | XOM: summons 4 hostile shadow creatures
 65976 | Depths:4 | Noticed a juggernaut
 66138 | Depths:4 | Reached skill level 15 in Armour
 66388 | Depths:4 | Reached skill level 15 in Evocations
 66466 | Depths:4 | XOM: 10-stop teleportation journey
 66553 | Depths:4 | Found a gate to the Realm of Zot.
 66795 | Depths:4 | Noticed a caustic shrike
 66798 | Depths:4 | XOM: silly message
 66803 | Depths:4 | Killed a caustic shrike
 67001 | Hell     | Entered the Vestibule of Hell
 67001 | Hell     | Noticed Geryon
 67253 | Vaults:5 | Entered Level 5 of the Vaults
 67277 | Vaults:5 | Reached skill level 9 in Spellcasting
 67305 | Vaults:5 | Noticed an ancient lich
 67311 | Vaults:5 | Killed an ancient lich
 67477 | Vaults:5 | XOM: give mutation
 67477 | Vaults:5 | Lost mutation: Your system is resistant to poisons. (rPois)
                  | [Xom's mischief]
 67502 | Vaults:5 | Identified the +12 scimitar of the Gibberer {protect, rPois
                  | Int+5}
 67527 | Vaults:5 | Noticed an ancient lich
 67532 | Vaults:5 | Killed an ancient lich
 67533 | Vaults:5 | Reached skill level 18 in Dodging
 67533 | Vaults:5 | Noticed Margery
 67537 | Vaults:5 | Killed Margery
 67706 | Vaults:5 | XOM: polymorph deep elf death mage -> shapeshifter
 67715 | Vaults:5 | Got a silver rune of Zot
 67723 | Vaults:5 | XOM: give mutations
 67723 | Vaults:5 | Lost mutation: You are somewhat resistant to further
                  | mutation. [Xom's mischief]
 67723 | Vaults:5 | Lost mutation: Your mind is acute. (Int +4, Str/Dex -1)
                  | [Xom's mischief]
 67742 | Vaults:5 | Noticed Sojobo
 67747 | Vaults:5 | Killed Sojobo
 67874 | Vaults:5 | Reached skill level 16 in Armour
 68023 | Vaults:5 | Identified the +11 falchion of the Magi {elec, ^Fragile
                  | rPois rN+ Str+4}
 68023 | Vaults:5 | Found the dreamshard necklace {Acrobat *Dream}
 68087 | Vaults:5 | Found the -2 hat of the Alchemist {rElec rPois rF+ rC+ rN+
                  | Will+ rMut rCorr}
 68120 | Vaults:5 | Got the Collected Works on Amalgamated Battling
 68179 | Vaults:5 | Reached skill level 16 in Evocations
 68453 | Vaults:5 | XOM: polymorph stone giant -> shadow dragon
 68582 | Vaults:5 | XOM: 1-stop teleportation journey
 68701 | Vaults:5 | Reached XP level 25. HP: 189/189 MP: 36/36
 69154 | Vaults:5 | Found the +9 staff of Olgreb {rPois∞}
 69193 | Vaults:5 | XOM: scenery: create altars
 69239 | Vaults:5 | XOM: silly message
 69249 | Vaults:5 | Noticed an ancient lich
 69252 | Vaults:5 | XOM: cast spell 'Olgreb's Toxic Radiance'
 69253 | Vaults:5 | Killed an ancient lich
 69254 | Vaults:5 | XOM: silly message
 69619 | Vaults:5 | XOM: noise
 69790 | Vaults:5 | XOM: god gift: scroll of teleportation
 69882 | Vaults:3 | XOM is BORED!
 69939 | D:14     | XOM: divination: detect creatures
 70046 | Depths:2 | XOM: cloud trail
 70108 | Zot:1    | Entered Level 1 of the Realm of Zot
 70266 | Zot:2    | Reached skill level 10 in Spellcasting
 70478 | Zot:2    | XOM: butterfly on damage
 70641 | Zot:2    | XOM: god gift: sack of spiders
 70786 | Zot:2    | XOM: noise
 71027 | Zot:2    | XOM: summons 4 hostile shadow creatures
 71299 | Zot:4    | Found the +4 dragonskin cloak
 71299 | Zot:4    | Noticed Tiamat
 71410 | Zot:3    | Reached skill level 19 in Dodging
 71610 | Zot:3    | XOM is BORED!
 71610 | Zot:3    | XOM: noise
 72219 | Zot:3    | XOM: noise
 72665 | Zot:4    | Reached skill level 17 in Armour
 73028 | Zot:4    | XOM is BORED!
 73028 | Zot:4    | XOM: noise
 73215 | Zot:4    | XOM: cast spell 'Summon Small Mammal'
 73427 | Zot:4    | XOM: blink monster(s)
 73463 | Zot:4    | XOM: silly message
 73786 | Zot:4    | Reached skill level 17 in Evocations
 74157 | Zot:4    | Killed Tiamat
 74161 | Zot:4    | XOM: enchant monster (good)
 74530 | Zot:4    | XOM: give mutation
 74530 | Zot:4    | Gained mutation: Your health recovers twice as slowly from
                  | being drained. [Xom's mischief]
 74571 | Zot:5    | Entered Level 5 of the Realm of Zot
 74618 | Zot:4    | XOM is BORED!
 74736 | Zot:4    | Lost mutation: You have a somewhat thin skeletal structure.
                  | (Dex +2, Stealth+) [potion of mutation]
 74736 | Zot:4    | Lost mutation: Your skin blends seamlessly with your
                  | surroundings (Stealth++). [potion of mutation]
 74736 | Zot:4    | Gained mutation: Your muscles are strong. (Str +4, Int/Dex
                  | -1) [potion of mutation]
 74736 | Zot:4    | Gained mutation: You have hidden genetic potential. [potion
                  | of mutation]
 74775 | Zot:5    | Noticed an orb of fire
 74775 | Zot:5    | Noticed an ancient lich
 74775 | Zot:5    | Noticed an orb of fire
 74775 | Zot:5    | Noticed a Killer Klown
 74775 | Zot:5    | Noticed an orb of fire
 74775 | Zot:5    | Noticed an ancient lich
 74775 | Zot:5    | Noticed an orb of fire
 74775 | Zot:5    | XOM: 9-stop teleportation journey
 74792 | Zot:5    | XOM: blink monster(s)
 74826 | Zot:5    | XOM: 4-stop teleportation journey
 74837 | Zot:5    | Noticed a dread lich
 74843 | Zot:5    | XOM: divination: detect items
 74850 | Zot:5    | Got the Orb of Zot
 74850 | Zot:5    | Noticed an ancient lich
 74852 | Zot:5    | Noticed an orb of fire
 74864 | Zot:5    | XOM: destruction
 74882 | Zot:5    | Noticed Xablu the pandemonium lord
 74914 | Zot:4    | Reached XP level 26. HP: 182/196 MP: 37/37
 74929 | Zot:4    | XOM: enchant monster (bad)
 75314 | D:7      | XOM: swap monsters
 75333 | D:6      | Noticed Oneguc the pandemonium lord
 75340 | D:6      | Killed Oneguc the pandemonium lord
 75441 | D:$      | Escaped with the Orb!

Illustrated notes

Levels and vault maps discovered:
D:1:      psy_arrival_radial02, layout_loops_ring, serial_shops, shop,
          chequers_serial_rivers_small_3
D:2:      layout_rooms, chequers_ecumenical_altar_grove
D:3:      layout_basic, mainiacjoe_overflow_boulevard, grunt_ministairs_12,
          minmay_between
D:4:      layout_rooms, nicolae_ashenzari_skybound, nicolae_ru_path_of_blood,
          mainiacjoe_overflow_six_doors_small, minmay_temple_entry_junction,
          uniq_eustachio, uniq_ijyb
D:5:      layout_gridville, uniq_grinder
D:6:      layout_loops_ring, grunt_ministairs_7
D:7:      layout_loops_cross
D:8:      layout_cave_pools, kennysheep_mini_moat, nicolae_uskayaw_dance_hall,
          gammafunk_temple_overflow_claw, ebering_ghost_funeral_grove,
          minmay_fountain_box, grunt_livestock, grunt_tough_drop
D:9:      layout_roguey, nicolae_overflow_hidden_temple, lair_entry_dummy,
          minmay_orc_entry_temple_small, enter_bailey_5
D:10:     layout_cave_pools, nicolae_hepliaklqana_monster_ancestors
D:11:     layout_cave_pools, kennysheep_generic_room_6
D:12:     layout_loops_ring, chequers_decorated_corner
D:13:     layout_roguey, minivault_27
D:14:     layout_irregular_city, david_vaults_5, tso_altar
D:15:     grunt_enter_depths_snipers, layout_cave_pods, gauntlet_entry_generic,
          dk_noncrumbling_4, uniq_nessos
Lair:1:   layout_cave_pods, minivault_23, grunt_megastairs_1, lemuel_fruit_tree,
          uniq_gastronok
Lair:2:   layout_small_grid, minmay_snake_entry_guardpost_small, basic_altar,
          uniq_sonja
Lair:3:   layout_chaotic_city, shoals_dummy_entry, basic_altar,
          chequers_serial_rivers_small_b, st_stairs_8, lemuel_fruit_fields
Lair:4:   layout_regular_city, dpeg_slime_entry_enclosed, enter_volcano_2,
          uniq_snorg
Lair:5:   evilmike_catoblepas_cave, layout_misc_corridors,
          gammafunk_ghost_berserking_beasts, st_stairs_8, lookout_lair_type,
          hibernation_bobbens
Shoals:1: layout_shoals, uniq_roxanne, uniq_kirke
Shoals:2: layout_shoals
Shoals:3: nicolae_shoals_lighthouse, layout_shoals, serial_shops,
          nicolae_shop_getting_attention
Shoals:4: shoals_end_hellmonk_storm_palace [storm_palace_center_ruins,
          storm_palace_corner_grid, storm_palace_corner_reverse_hut,
          storm_palace_corner_reverse_hut, storm_palace_corner_pillars]
Snake:1:  kennysheep_six_static_rooms, layout_layer_cave, serial_shops,
          nicolae_shop_hallway_stairs, portal_ice_cave_entry_dragon, uniq_donald
Snake:2:  layout_misc_corridors, basic_altar
Snake:3:  layout_chambers, grunt_ministairs_10
Snake:4:  minmay_snake_end_coiled, layout_chambers, nicolae_triple_integral,
          uniq_saint_roka
Orc:1:    cheibrodos_orc_guarddog, layout_diamond_mine, serial_shops,
          nicolae_shop_dealshenge, shop_statue, shop, shop, shop,
          gammafunk_ghost_smash
Orc:2:    st_orc_rangers, layout_diamond_mine, serial_shops,
          nicolae_shop_competitors_out_of_business, lightli_orcish_oven,
          uniq_erolcha
Elf:1:    eino_elf_arrival_shootout, layout_rooms, serial_sigils,
          serial_sigils_hangedman_etch, serial_sigils_hangedman_gut,
          serial_sigils_hangedman_confine, serial_sigils_hangedman_gnaw,
          serial_sigils_hangedman_clutch, serial_sigils_hangedman_writhe,
          minmay_elf_necromancy, uniq_nikola
Elf:2:    nicolae_elf_blades_splatter_lattice
          [nicolae_blade_entry_area_security], layout_onion_city, serial_shops,
          nicolae_stop_n_shop_1, gammafunk_ghost_cemetery
Elf:3:    minmay_elf_hall_quartered_circle, layout_geoelf_grid, minivault_24
Vaults:1: infiniplex_enter_wizlab_spiral, nicolae_vaults_circle_grid_b,
          v_rooms_6, v_misc_25, nicolae_vaults_windows_and_doors_thing,
          nicolae_vaults_prndl, v_misc_30, vaults_dpeg_ring,
          nicolae_vaults_wine_cellar, lemuel_angel_altar,
          nicolae_vaults_trapezoid_4, v_pattern_5, layout_vaults_maze_snakey,
          serial_shops, shop, nicolae_shop_advertising_works
          [nicolae_subvault_shop_adworks], shop
Vaults:2: minmay_crypt_entry_simple_walls, hangedman_vaults_stream,
          ontoclasm_vaults_ring_square, v_misc_30, nicolae_vaults_weapon_check,
          nicolae_vaults_six-pack, nicolae_vaults_mini_display_case,
          layout_vaults_omnigrid, serial_shops, shop, uniq_bai_suzhen
Vaults:3: nicolae_vaults_double_plus_2, vaults_dpeg_encased_lava,
          ontoclasm_vaults_shuriken, vaults_dpeg_diagonal,
          nicolae_vaults_doubleplus_tesselated, nicolae_vaults_house_2,
          nicolae_vaults_big_ls, v_misc_10, hangedman_vaults_nails,
          nicolae_vaults_antechamber_and_loot_room, ontoclasm_vaults_hangar,
          nicolae_vaults_specimen_jars, nicolae_vaults_closet_pinwheel_1,
          nicolae_vaults_circle_grid_b, v_misc_5, layout_vaults_big_cross,
          serial_shops, nicolae_shop_real_fake_doors
Vaults:4: nicolae_vaults_trapezoid_lopsided_4,
          nicolae_vaults_diagonal_hallway_7, hangedman_vaults_capsules,
          nicolae_vaults_house_3, vaults_room_pool,
          vaults_mumra_minichess_inversion, hangedman_vaults_pinch,
          nicolae_vaults_ring_of_whatevers, v_misc_18, vaults_room_fancy_cross,
          nicolae_vaults_stepped_doors, grunt_vaults_hallway_long,
          nicolae_vaults_layer_cake_slice, nicolae_vaults_storage_closets_3,
          layout_vaults_ring
Vaults:5: uniq_margery, uniq_sojobo
Depths:1: layout_cave_pools, serial_bayou, serial_bayou_shore_b,
          serial_bayou_crossing, serial_bayou_pond_c, serial_bayou_pond_a,
          hellmouth_1, fedhas_altar_fruit_tree, chequers_serial_rivers_small_b,
          kennysheep_underground_church, serial_bayou_shore_b
Depths:2: kb_forest_paths, layout_basic, enter_ziggurat_c, abyss_entry,
          hell_entry, rand_demon_pan_entry_9, hangedman_abyss_or_decor_slice,
          hangedman_cracks_in_the_wall
Depths:3: lemuel_firewalk_3, layout_basic, abyss_entry, hell_entry,
          rand_demon_pan_entry_1, infiniplex_staircase_pool_2, uniq_xtahua
Depths:4: grunt_twist_and_shout, layout_basic, minmay_misc_feat_encased,
          grunt_hell_entry_dis_old, kennysheep_random_hallway, minmay_shop_grove
Hell
Zot:1:    infiniplex_zot_generator, layout_twisted_circle,
          regret_index_zotdec_wing_it, hangedman_zot_decor_slant
Zot:2:    layout_twisted_circle
Zot:3:    layout_basic, bh_zot_lava_cross, st_stairs_12,
          regret_index_zotdec_banners
Zot:4:    layout_gridlike, uniq_tiamat
Zot:5:    layout_cellular_growth, grunt_megastairs_3

Skill      XL: |  1  2  3  4  5  6  7  8  9 10 11 12 13 14 15 16 17 18 19 20 21 22 23 24 25 |
---------------+----------------------------------------------------------------------------+-----
Stealth        | 1 2 |  2.0
Long Blades    | 4 5 6 7 8 9 11 12 13 14 15 16 17 19 20 21 | 21.0
Fighting       | 4 6 7 8 10 11 12 13 14 15 16 18 19 20 | 20.0
Dodging        | 3 5 6 8 9 11 12 13 15 16 17 18 19 | 19.6
Evocations     | 3 4 7 9 10 12 13 14 16 17 | 17.4
Armour         | 2 4 6 8 11 13 14 16 17 | 17.6
Translocations | 3 10 11 12 13 15 | 15.5
Spellcasting   | 3 4 5 7 8 9 10 | 10.8
Air Magic      | 4 |  4.0

Action                     |  1- 3 |  4- 6 |  7- 9 | 10-12 | 13-15 | 16-18 | 19-21 | 22-24 | 25-27 || total
---------------------------+-------+-------+-------+-------+-------+-------+-------+-------+-------++-------
  Melee: Falchion          |    61 |    31 |       |       |       |       |       |       |       ||    92
         Dagger            |       |   119 |   266 |       |       |       |       |       |       ||   385
         Short sword       |       |   112 |   340 |    69 |       |       |       |       |       ||   521
         Long sword        |       |       |    83 |   692 |  1334 |   913 |   345 |       |       ||  3367
         Headbutt          |       |       |     6 |   109 |   248 |       |       |       |       ||   363
         Double sword      |       |       |       |       |   211 |   928 |   956 |  1116 |   371 ||  3582
         Scimitar          |       |       |       |       |       |       |   601 |  1084 |   388 ||  2073
  Throw: Javelin           |       |       |       |     1 |       |       |       |       |       ||     1
         Dart              |       |       |       |     9 |     4 |     6 |       |       |       ||    19
   Cast: Manifold Assault  |       |       |       |       |       |   421 |   443 |   515 |   179 ||  1558
         Passage of Golubr |       |       |       |       |       |     1 |       |       |       ||     1
         Blink             |       |       |       |       |       |       |       |     1 |     3 ||     4
         Vhi's Electric Ch |       |       |       |       |       |       |       |       |     1 ||     1
  Evoke: Wand              |       |       |    15 |     1 |    34 |    10 |     6 |     6 |     7 ||    79
         Box of beasts     |       |       |       |       |       |     2 |     3 |       |       ||     5
         Phantom mirror    |       |       |       |       |       |       |     2 |     1 |       ||     3
         Sack of spiders   |       |       |       |       |       |       |       |       |     1 ||     1
    Use: Scroll            |       |     3 |    10 |    10 |    15 |     5 |     6 |     6 |    15 ||    70
         Potion            |       |       |     1 |    11 |     1 |     3 |     2 |     4 |     7 ||    29
   Stab: Sleeping          |     2 |     5 |     3 |    17 |    18 |    22 |    11 |     2 |     5 ||    85
         Confused          |       |       |     1 |     1 |       |     2 |       |       |     2 ||     6
         Paralysed         |       |       |     6 |     2 |    17 |     2 |     2 |       |     9 ||    38
         Distracted        |       |       |       |     3 |     5 |     2 |     3 |     2 |       ||    15
         Invisible         |       |       |       |     6 |    25 |    12 |     6 |       |     1 ||    50
         Petrified         |       |       |       |       |     4 |       |       |       |       ||     4
         Petrifying        |       |       |       |       |       |       |       |     4 |       ||     4
 Armour: Leather armour    |    30 |    57 |   153 |   203 |   417 |   207 |    42 |       |       ||  1109
         Pearl dragon scal |       |       |       |       |       |       |   108 |   187 |   119 ||   414
  Dodge: Dodged            |    28 |    73 |   118 |   223 |   613 |   479 |   387 |   305 |   230 ||  2456
  Block: Other             |       |       |    19 |    66 |   153 |   105 |   124 |    75 |    24 ||   566
         Reflection        |       |       |     1 |     1 |    20 |    14 |    12 |    11 |       ||    59

Table legend: (Time is in decaauts)
 A = Elapsed time spent in this place.
 B = Non-inter-level travel time spent in this place.
 C = Inter-level travel time spent in this place.
 D = Time resting spent in this place.
 E = Time spent auto-exploring this place.
 F = Levels seen in this place.
 G = Mean time per level.
                   A        B        C        D        E       F      G
               +--------+--------+--------+--------+--------+-----+--------+
         Total |  79589 |  74553 |   5036 |   8943 |  52320 |  52 | 1530.6 |
       Dungeon |  16281 |  14487 |   1794 |   1223 |  10035 |  15 | 1085.4 |
          Lair |   8709 |   8101 |    608 |   1791 |   4861 |   5 | 1741.8 |
        Shoals |   8351 |   8144 |    207 |    933 |   6037 |   4 | 2087.8 |
     Snake Pit |   7207 |   6891 |    316 |    467 |   5157 |   4 | 1801.8 |
  Orcish Mines |   2989 |   2562 |    427 |    268 |   1559 |   2 | 1494.5 |
   Elven Halls |   6650 |   6202 |    448 |    968 |   4415 |   3 | 2216.7 |
        Vaults |  12010 |  11553 |    457 |    466 |   9512 |   5 | 2402.0 |
        Depths |   8236 |   7693 |    543 |    320 |   6286 |   4 | 2059.0 |
          Hell |      1 |      1 |      0 |      0 |      0 |   1 |    1.0 |
           Zot |   5186 |   4955 |    231 |    744 |   3545 |   5 | 1037.2 |
        Bailey |    804 |    804 |      0 |    348 |    113 |   1 |  804.0 |
       Volcano |    391 |    391 |      0 |    158 |     54 |   1 |  391.0 |
        Wizlab |   1959 |   1959 |      0 |   1067 |    409 |   1 | 1959.0 |
      Gauntlet |    810 |    810 |      0 |    186 |    331 |   1 |  810.0 |
               +--------+--------+--------+--------+--------+-----+--------+

Top non-repeatable levels by time:
 Snake:4: 3084 daAuts
Shoals:3: 3007 daAuts
Vaults:5: 2759 daAuts
  Lair:5: 2728 daAuts
Vaults:3: 2677 daAuts
   Elf:2: 2545 daAuts
Depths:2: 2528 daAuts
Depths:4: 2496 daAuts
Vaults:2: 2374 daAuts
Vaults:4: 2365 daAuts
   Zot:4: 2298 daAuts
Shoals:4: 2233 daAuts
   Elf:3: 2220 daAuts
Shoals:1: 1987 daAuts
  WizLab: 1959 daAuts

Table legend:
 A = Kills in this place as a percentage of kills in the entire game.
 B = Kills by you in this place as a percentage of kills by you in the entire game.
 C = Kills by friends in this place as a percentage of kills by friends in the entire game.
 D = Other kills in this place as a percentage of other kills in the entire game.
 E = Experience gained in this place as a percentage of experience gained in the entire game.
 F = Experience gained in this place divided by the number of levels of this place that you have seen.
                   A       B       C       D       E      F
               +-------+-------+-------+-------+-------+----------------------
         Total | 100.0 | 100.0 | 100.0 | 100.0 | 100.0 | 21577.6
       Dungeon |  16.3 |  16.2 |  18.5 |  20.0 |   5.5 | 4105.3
          Lair |   8.1 |   7.7 |  44.4 |   0.0 |   4.8 | 10687.4
        Shoals |   9.8 |   9.9 |   7.4 |   0.0 |   8.8 | 24708.5
     Snake Pit |   9.3 |   9.1 |  22.2 |  20.0 |   7.7 | 21563.8
  Orcish Mines |   7.2 |   7.1 |   0.0 |  40.0 |   1.5 | 8385.0
   Elven Halls |   7.2 |   7.3 |   0.0 |  10.0 |   9.4 | 35316.0
        Vaults |  20.2 |  20.6 |   0.0 |   0.0 |  30.0 | 67252.8
        Depths |  12.8 |  13.1 |   0.0 |   0.0 |  18.3 | 51338.2
           Zot |   4.7 |   4.7 |   7.4 |   0.0 |  10.6 | 23706.2
        Bailey |   0.9 |   0.9 |   0.0 |   0.0 |   0.1 | 759.0
       Volcano |   1.0 |   1.0 |   0.0 |  10.0 |   0.6 | 6557.0
        Wizlab |   1.9 |   1.9 |   0.0 |   0.0 |   2.6 | 28641.0
      Gauntlet |   0.7 |   0.7 |   0.0 |   0.0 |   0.3 | 3105.0
               +-------+-------+-------+-------+-------+----------------------
